Workbook

Sheet Текст

Sheet Приложение 1
A1: Приложение 1
A2: к бюджету муниципального образования
A3: Новоюласенский сельсовет
A4: на 2026 год и плановый период
A5: 2027 и 2028 годов
A6: № от .12.2025 г
A9: Источники внутреннего финансирования дефицита бюджета поселения
A10: на 2026 год и плановый период 2027 и 2028 годов
A12: (тыс. рублей)
A13: Наименование показателя | B13: Наименование | C13: Утвержденные бюджетные назначения
C14: 2026 год | D14: 2027 год | E14: 2028 год
A15: 1 | B15: 2 | C15: 3 | D15: 4 | E15: 5
A16: ИСТОЧНИКИ ВНУТРЕННЕГО ФИНАНСИРОВАНИЯ ДЕФИЦИТОВ БЮДЖЕТОВ | B16: 01 00 00 00 00 0000 000
A17: Изменение остатков средств на счетах по учету средств бюджета | B17: 01 05 00 00 00 0000 000 | C17: =C18+C22 -> 0 | D17: =D18+D22 -> 0 | E17: =E18+E22 -> 0
A18: Увеличение остатков средств бюджетов | B18: 01 05 00 00 00 0000 500 | C18: =-'Приложение 2'!C64 -> -4872.9 | D18: =-'Приложение 2'!D64 -> -5010.6 | E18: =-'Приложение 2'!E64 -> -5158.4
A19: Увеличение прочих остатков средств бюджетов | B19: 01 05 02 00 00 0000 500 | C19: =C18 -> -4872.9 | D19: =D18 -> -5010.6 | E19: =E18 -> -5158.4
A20: Увеличение прочих остатков денежных средств бюджетов | B20: 01 05 02 01 00 0000 510 | C20: =C18 -> -4872.9 | D20: =D18 -> -5010.6 | E20: =E18 -> -5158.4
A21: Увеличение прочих остатков денежных средств бюджетов сельских поселений | B21: 01 05 02 01 10 0000 510 | C21: =C18 -> -4872.9 | D21: =D18 -> -5010.6 | E21: =E18 -> -5158.4
A22: Уменьшение остатков средств бюджетов | B22: 01 05 00 00 00 0000 600 | C22: ='Приложение 4'!G104 -> 4872.9 | D22: ='Приложение 4'!H104 -> 5010.6 | E22: ='Приложение 4'!I104 -> 5158.4
A23: Уменьшение прочих остатков средств бюджетов | B23: 01 05 02 00 00 0000 600 | C23: =C22 -> 4872.9 | D23: =D22 -> 5010.6 | E23: =E22 -> 5158.4
A24: Уменьшение прочих остатков денежных средств бюджетов | B24: 01 05 02 01 00 0000 610 | C24: =C22 -> 4872.9 | D24: =D22 -> 5010.6 | E24: =E22 -> 5158.4
A25: Уменьшение прочих остатков денежных средств бюджетов сельских поселений | B25: 01 05 02 01 10 0000 610 | C25: =C22 -> 4872.9 | D25: =D22 -> 5010.6 | E25: =E22 -> 5158.4
A26: Всего источников финансирования дефицитов бюджетов | C26: =C17 -> 0 | D26: =D17 -> 0 | E26: =E17 -> 0

Sheet Приложение 
A1: Приложение 2
A2: к бюджету муниципального образования
A3: Новоюласенский сельсовет на 2021 год
A4: и плановый период 2022 и 2023 годов
A6: Перечень главных администраторов доходов бюджета поселения
A7: на 2021 год и плановый период 2022 и 2023 годов
A9: Код бюджетной классификации Российской Федерации | C9: Наименование администратора доходов бюджета поселения
A10: Адми нистра тора дохо дов | B10: доходов бюджета поселения
A14: 1 | B14: 2 | C14: 3
C15: Администрация муниципального образования Новоюласенский сельсовет
A16: 018 | B16: 1 08 04020 01 0000 110 | C16: Государственная пошлина за совершение нотариальных действий должностными лицами органов местного самоуправления, уполномоченными в соответствии с законодательными актами Российской Федерации на совершение нотариальных действий
A17: 018 | B17: 1 11 05025 10 0000 120 | C17: Доходы, получаемые в виде арендной платы, а также средства от продажи права на заключение договоров аренды за земли, находящиеся в собственности сельских поселений (за исключением земельных участков муниципальных бюджетных и автономных учреждений)
A18: 018 | B18: 1 11 05035 10 0000 120 | C18: Доходы от сдачи в аренду имущества, находящегося в оперативном управлении органов управления сельских поселений и созданных ими учреждений (за исключением имущества муниципальных бюджетных и автономных учреждений)
A19: 018 | B19: 1 11 07015 10 0000 120 | C19: Доходы от перечисления части прибыли, остающейся после уплаты налогов и иных обязательных платежей муниципальных унитарных предприятий, созданных сельскими поселениями
A20: 018 | B20: 1 13 01995 10 0000 130 | C20: Прочие доходы от оказания платных услуг (работ) получателями средств бюджетов сельских поселений
A21: 018 | B21: 1 13 02065 10 0000 130 | C21: Доходы, поступающие в порядке возмещения расходов, понесенных в связи с эксплуатацией имущества сельских поселений
A22: 018 | B22: 1 13 02995 10 0000 130 | C22: Прочие доходы от компенсации затрат бюджетов сельских поселений
A23: 018 | B23: 1 14 02052 10 0000 410 | C23: Доходы от реализации имущества, находящегося в оперативном управлении учреждений, находящихся в ведении органов управления сельских поселений (за исключением имущества муниципальных бюджетных и автономных учреждений), в части реализации основных средств по указанному имуществу
A24: 018 | B24: 1 14 02052 10 0000 440 | C24: Доходы от реализации имущества, находящегося в оперативном управлении учреждений, находящихся в ведении органов управления сельских поселений (за исключением имущества муниципальных бюджетных и автономных учреждений), в части реализации материальных запасов по указанному имуществу
A25: 018 | B25: 1 14 02053 10 0000 410 | C25: Доходы от реализации иного имущества, находящегося в собственности сельских поселений (за исключением имущества муниципальных бюджетных и автономных учреждений, а также имущества муниципальных унитарных предприятий, в том числе казенных), в части реализации основных средств по указанному имуществу
A26: 018 | B26: 1 14 02053 10 0000 440 | C26: Доходы от реализации иного имущества, находящегося в собственности сельских поселений (за исключением имущества муниципальных бюджетных и автономных учреждений, а также имущества муниципальных унитарных предприятий, в том числе казенных), в части реализации материальных запасов по указанному имуществу
A27: 018 | B27: 1 14 06025 10 0000 430 | C27: Доходы от продажи земельных участков, находящихся в собственности сельских поселений (за исключением земельных участков муниципальных бюджетных и автономных учреждений)
... A52: 018 | B52: 2 19 60010 10 0000 150 | C52: Возврат прочих остатков субсидий, субвенций и иных межбюджетных трансфертов, имеющих целевое назначение, прошлых лет из бюджетов сельских поселений
C53: Финансовый отдел администрации
C54: Красногвардейского района
A55: 012 | B55: 1 17 01050 10 0000 180 | C55: Невыясненные поступления, зачисляемые в бюджеты сельских поселений
A56: 012 | B56: 2 08 05000 10 0000 150 | C56: Перечисления из бюджетов сельских поселений (в бюджеты поселений) для осуществления возврата (зачета) излишне уплаченных или излишне взысканных сумм налогов, сборов и иных платежей, а также сумм процентов за несвоевременное осуществление такого возврата и процентов, начисленных на излишне взысканные суммы

Sheet Приложение
A1: Приложение 3
A2: к бюджету муниципального образования
A3: Новоюласенский сельсовет на 2021 год
A4: и плановый период 2022 и 2023 годов
A9: Перечень главных администраторов источников финансирования
A10: дефицита бюджета поселения на 2021 год и плановый период 2022 и 2023 годов
A12: Код главы | B12: Код группы, подгруппы, статьи и вида источников | C12: Наименование
A14: 1 | B14: 2 | C14: 3
C15: Администрация муниципального образования Новоюласенский сельсовет
A16: 018 | B16: 01 05 02 01 10 0000 510 | C16: Увеличение прочих остатков денежных средств бюджетов сельских поселений
A17: 018 | B17: 01 05 02 01 10 0000 610 | C17: Уменьшение прочих остатков денежных средств бюджетов сельских поселений

Sheet Приложение 2
A1: Приложение 2
A2: к бюджету муниципального образования
A3: Новоюласенский сельсовет на 2026 год
A4: и плановый период 2027 и 2028 годов
A5: № от .12.2025 г
A6: Поступление доходов в бюджет поселения по кодам видов доходов,
A7: подвидов доходов на 2026 год и плановый период 2027 и 2028 годов
A9: (тысяч рублей)
A10: Код бюджетной классификации Российской федерации | B10: Наименование кода дохода бюджета | C10: 2026год | D10: 2027 год | E10: 2028 год
A13: 1 | B13: 2 | C13: 3 | D13: 4 | E13: 5
A14: 1 00 00000 00 0000 000 | B14: Налоговые и неналоговые доходы | C14: =C15+C20+C30+C33+C39+C42+C48 -> 2531.6 | D14: =D15+D20+D30+D33+D39+D42 -> 2776.1 | E14: =E15+E20+E30+E33+E39+E42 -> 2857
A15: 1 01 00000 00 0000 000 | B15: Налоги на прибыль, доходы | C15: =C16 -> 418 | D15: =D16 -> 430 | E15: =E16 -> 451
A16: 1 01 02000 01 0000 110 | B16: Налог на доходы физических лиц | C16: =C19+C17+C18 -> 418 | D16: =D19+D17+D18 -> 430 | E16: =E19+E17+E18 -> 451
A17: 1 01 02010 01 0000 110 | B17: Налог на доходы физических лиц с доходов, источником которых является налоговый агент, за исключением доходов, в отношении которых исчисление и уплата налога осуществляются в соответствии со статьями 227, 227.1 и 228 Налогового кодекса Российской Федерации, а также доходов от долевого участия в организации, полученных физическим лицом - налоговым резидентом Российской Федерации в виде дивидендов (в части суммы налога, не превышающей 650 тысяч рублей за налоговые периоды до 1 января 2025 года, а также в части суммы налога, не превышающей 312 тысяч рублей за налоговые периоды после 1 января 2025 года), а также налог на доходы физических лиц в отношении доходов от долевого участия в организации, полученных физическим лицом, не являющимся налоговым резидентом Российской Федерации, в виде дивидендов | C17: 341 | D17: 351 | E17: 369
A18: 1 01 02030 01 0000 110 | B18: Налог на доходы физических лиц с доходов, полученных физическими лицами в соответствии со статьей 228 Налогового кодекса Российской Федерации (за исключением доходов от долевого участия в организации, полученных физическим лицом - налоговым резидентом Российской Федерации в виде дивидендов) (в части суммы налога, не превышающей 650 тысяч рублей за налоговые периоды до 1 января 2025 года, а также в части суммы налога, не превышающей 312 тысяч рублей за налоговые периоды после 1 января 2025 года) | C18: 14 | D18: 14 | E18: 14
A19: 1 01 02210 01 0000 110 | B19: Налог на доходы физических лиц в части суммы налога, относящейся к налоговой базе, указанной в пункте 6.2 статьи 210 Налогового кодекса Российской Федерации, не превышающей 5 миллионов рублей (сумма платежа (перерасчеты, недоимка и задолженность по соответствующему платежу, в том числе по отмененному) | C19: 63 | D19: 65 | E19: 68
A20: 1 03 00000 00 0000 000 | B20: Налоги на товары (работы, услуги), реализуемые на территории Российской Федерации | C20: =C21 -> 847.1 | D20: =D21 -> 1125.9 | E20: =E21 -> 1168.8
A21: 1 03 02000 01 0000 110 | B21: Акцизы по подакцизным товарам (продукции), производимым на территории Российской Федерации | C21: =C23+C25+C27+C29 -> 847.1 | D21: =D23+D25+D27+D29 -> 1125.9 | E21: =E23+E25+E27+E29 -> 1168.8
A22: 1 03 02230 01 0000 110 | B22: Доходы от уплаты акцизов на дизельное топливо, подлежащие распределению между бюджетами субъектов Российской Федерации и местными бюджетами с учетом установленных дифференцированных нормативов отчислений в местные бюджеты | C22: =C23 -> 443.3 | D22: =D23 -> 588.4 | E22: =E23 -> 609.9
A23: 1 03 02231 01 0000 110 | B23: Доходы от уплаты акцизов на дизельное топливо, подлежащие распределению между бюджетами субъектов Российской Федерации и местными бюджетами с учетом установленных дифференцированных нормативов отчислений в местные бюджеты (по нормативам, установленным Федеральным законом о федеральном бюджете в целях формирования дорожных фондов субъектов Российской Федерации) | C23: 443.3 | D23: 588.4 | E23: 609.9
A24: 1 03 02240 01 0000 110 | B24: Доходы от уплаты акцизов на моторные масла для дизельных и (или) карбюраторных (инжекторных) двигателей, подлежащие распределению между бюджетами субъектов Российской Федерации и местными бюджетами с учетом установленных дифференцированных нормативов отчислений в местные бюджеты | C24: =C25 -> 2.1 | D24: =D25 -> 2.9 | E24: =E25 -> 3
A25: 1 03 02241 01 0000 110 | B25: Доходы от уплаты акцизов на моторные масла для дизельных и (или) карбюраторных (инжекторных) двигателей, подлежащие распределению между бюджетами субъектов Российской Федерации и местными бюджетами с учетом установленных дифференцированных нормативов отчислений в местные бюджеты (по нормативам, установленным Федеральным законом о федеральном бюджете в целях формирования дорожных фондов субъектов Российской Федерации) | C25: 2.1 | D25: 2.9 | E25: 3
A26: 1 03 02250 01 0000 110 | B26: Доходы от уплаты акцизов на автомобильный бензин, подлежащие распределению между бюджетами субъектов Российской Федерации и местными бюджетами с учетом установленных дифференцированных нормативов отчислений в местные бюджеты | C26: =C27 -> 428.8 | D26: =D27 -> 569.1 | E26: =E27 -> 590.3
A27: 1 03 02251 01 0000 110 | B27: Доходы от уплаты акцизов на автомобильный бензин, подлежащие распределению между бюджетами субъектов Российской Федерации и местными бюджетами с учетом установленных дифференцированных нормативов отчислений в местные бюджеты (по нормативам, установленным Федеральным законом о федеральном бюджете в целях формирования дорожных фондов субъектов Российской Федерации) | C27: 428.8 | D27: 569.1 | E27: 590.3
A28: 1 03 02260 01 0000 110 | B28: Доходы от уплаты акцизов на прямогонный бензин, подлежащие распределению между бюджетами субъектов Российской Федерации и местными бюджетами с учетом установленных дифференцированных нормативов отчислений в местные бюджеты | C28: =C29 -> -27.1 | D28: =D29 -> -34.5 | E28: =E29 -> -34.4
A29: 1 03 02261 01 0000 110 | B29: Доходы от уплаты акцизов на прямогонный бензин, подлежащие распределению между бюджетами субъектов Российской Федерации и местными бюджетами с учетом установленных дифференцированных нормативов отчислений в местные бюджеты (по нормативам, установленным Федеральным законом о федеральном бюджете в целях формирования дорожных фондов субъектов Российской Федерации) | C29: -27.1 | D29: -34.5 | E29: -34.4
A30: 1 05 00000 00 0000 000 | B30: Налоги на совокупный доход | C30: =C32 -> 929 | D30: =D32 -> 945 | E30: =E32 -> 964
A31: 1 05 03000 01 0000 110 | B31: Единый сельскохозяйственный налог | C31: =C32 -> 929 | D31: =D32 -> 945 | E31: =E32 -> 964
A32: 1 05 03010 01 0000 110 | B32: Единый сельскохозяйственный налог | C32: 929 | D32: 945 | E32: 964
A33: 1 06 00000 00 0000 000 | B33: Налоги на имущество | C33: =C34+C36 -> 200 | D33: =D34+D36 -> 198 | E33: =E34+E36 -> 196
A34: 1 06 01000 00 0000 110 | B34: Налог на имущество физических лиц | C34: =C35 -> 25 | D34: =D35 -> 28 | E34: =E35 -> 30
A35: 1 06 01030 10 0000 110 | B35: Налог на имущество физических лиц, взимаемый по ставкам, применяемым к объектам налогообложения, расположенным в границах сельских поселений | C35: 25 | D35: 28 | E35: 30
A36: 1 06 06000 00 0000 110 | B36: Земельный налог | C36: =C37 -> 175 | D36: =D37 -> 170 | E36: =E37 -> 166
A37: 1 06 06040 00 0000 110 | B37: Земельный налог с физических лиц | C37: =C38 -> 175 | D37: =D38 -> 170 | E37: =E38 -> 166
A38: 1 06 06043 10 0000 110 | B38: Земельный налог с физических лиц, обладающих земельным участком, расположенным в границах сельских поселений | C38: 175 | D38: 170 | E38: 166
A39: 1 08 00000 00 0000 000 | B39: Государственная пошлина | C39: =C40 -> 0.8 | D39: =D40 -> 0.5 | E39: =E40 -> 0.5
A40: 1 08 04000 01 0000 110 | B40: Государственная пошлина за совершение нотариальных действий (за исключением действий, совершаемых консульскими учреждениями Российской Федерации) | C40: =C41 -> 0.8 | D40: =D41 -> 0.5 | E40: =E41 -> 0.5
A41: 1 08 04020 01 0000 110 | B41: Государственная пошлина за совершение нотариальных действий должностными лицами органов местного самоуправления, уполномоченными в соответствии с законодательными актами Российской Федерации на совершение нотариальных действий | C41: 0.8 | D41: 0.5 | E41: 0.5
A42: 1 11 00000 00 0000 000 | B42: Доходы от использования имущества, находящегося в государственной и муниципальной собственности | C42: =C43 -> 76.7 | D42: =D43 -> 76.7 | E42: =E43 -> 76.7
A43: 1 11 05000 00 0000 120 | B43: Доходы, получаемые в виде арендной либо иной платы за передачу в возмездное пользование государственного и муниципального имущества (за исключением имущества бюджетных и автономных учреждений, а также имущества государственных и муниципальных унитарных предприятий, в том числе казенных) | C43: =C44+C46 -> 76.7 | D43: =D44+D46 -> 76.7 | E43: =E44+E46 -> 76.7
A44: 1 11 05020 00 0000 120 | B44: Доходы, получаемые в виде арендной платы за земли после разграничения государственной собственности на землю, а также средства от продажи права на заключение договоров аренды указанных земельных участков (за исключением земельных участков бюджетных и автономных учреждений) | C44: =C45 -> 60.5 | D44: =D45 -> 60.5 | E44: =E45 -> 60.5
A45: 1 11 05025 10 0000 120 | B45: Доходы, получаемые в виде арендной платы, а также средства от продажи права на заключение договоров аренды за земли, находящиеся в собственности сельских поселений (за исключением земельных участков бюджетных и автономных учреждений) | C45: 60.5 | D45: 60.5 | E45: 60.5
A46: 1 11 05030 00 0000 120 | B46: Доходы от сдачи в аренду имущества, находящегося в оперативном управлении органов государственной власти, органов местного самоуправления, органов управления государственными внебюджетными фондами и созданных ими учреждений (за исключением имущества бюджетных и автономных учреждений) | C46: =C47 -> 16.2 | D46: =D47 -> 16.2 | E46: =E47 -> 16.2
A47: 1 11 05035 10 0000 120 | B47: Доходы от сдачи в аренду имущества, находящегося в оперативном управлении органов управления сельских поселений и созданных ими учреждений (за исключением имущества муниципальных бюджетных и автономных учреждений) | C47: 16.2 | D47: 16.2 | E47: 16.2
A48: 1 13 00000 00 0000 000 | B48: Доходы от оказания платных услуг и компенсации затрат государства | C48: =C49 -> 60 | D48: =D49 -> 0 | E48: =E49 -> 0
A49: 1 13 02000 00 0000 130 | B49: Доходы от компенсации затрат государства | C49: =C51 -> 60 | D49: =D51 -> 0 | E49: =E51 -> 0
A50: 1 13 02990 00 0000 130 | B50: Прочие доходы от компенсации затрат государства | C50: =C51 -> 60 | D50: 0 | E50: 0
A51: 1 13 02995 10 0000 130 | B51: Прочие доходы от компенсации затрат бюджетов сельских поселений | C51: 60 | D51: 0 | E51: 0
A52: 2 00 00000 00 0000 000 | B52: Безвозмездные поступления | C52: =C53 -> 2341.3 | D52: =D53 -> 2234.5 | E52: =E53 -> 2301.4
A53: 2 02 00000 00 0000 000 | B53: Безвозмездные поступления от других бюджетов бюджетной системы Российской Федерации | C53: =C54+C61 -> 2341.3 | D53: =D54+D61 -> 2234.5 | E53: =E54+E61 -> 2301.4
A54: 2 02 10000 00 0000 150 | B54: Дотации бюджетам бюджетной системы Российской Федерации | C54: =C55+C59+C57 -> 2088.1 | D54: =D55+D59+D57 -> 1951.6 | E54: =E55+E59+E57 -> 1940.1
A55: 2 02 15001 00 0000 150 | B55: Дотации на выравнивание бюджетной обеспеченности | C55: =C56 -> 2038.4 | D55: =D56 -> 1948 | E55: =E56 -> 1936.4
A56: 2 02 15001 10 0000 150 | B56: Дотации бюджетам сельских поселений на выравнивание бюджетной обеспеченности из бюджета субъекта Российской Федерации | C56: 2038.4 | D56: 1948 | E56: 1936.4
A57: 2 02 16001 00 0000 150 | B57: Дотации на выравнивание бюджетной обеспеченности из бюджетов муниципальных районов, городских округов с внутригородским делением | C57: =C58 -> 3.4 | D57: =D58 -> 3.6 | E57: =E58 -> 3.7
A58: 2 02 16001 10 0000 150 | B58: Дотации бюджетам сельских поселений на выравнивание бюджетной обеспеченности из бюджетов муниципальных районов | C58: 3.4 | D58: 3.6 | E58: 3.7
A59: 2 02 19999 00 0000 150 | B59: Прочие дотации | C59: =C60 -> 46.3 | D59: =D60 -> 0 | E59: =E60 -> 0
A60: 2 02 19999 10 0000 150 | B60: Прочие дотации бюджетам сельских поселений | C60: 46.3 | D60: 0 | E60: 0
A61: 2 02 30000 00 0000 150 | B61: Субвенции бюджетам бюджетной системы Российской Федерации | C61: =C62 -> 253.2 | D61: =D62 -> 282.9 | E61: =E62 -> 361.3
A62: 2 02 35118 00 0000 150 | B62: Субвенции бюджетам на осуществление первичного воинского учета органами местного самоуправления поселений, муниципальных и городских округов | C62: =C63 -> 253.2 | D62: =D63 -> 282.9 | E62: =E63 -> 361.3
A63: 2 02 35118 10 0000 150 | B63: Субвенции бюджетам сельских поселений на осуществление первичного воинского учета органами местного самоуправления поселений, муниципальных и городских округов | C63: 253.2 | D63: 282.9 | E63: 361.3
B64: ИТОГО ДОХОДОВ: | C64: =C14+C52 -> 4872.9 | D64: =D14+D52 -> 5010.6 | E64: =E14+E52 -> 5158.4

Sheet Приложение 3
A1: Приложение № 3
A2: к бюджету муниципального образования
A3: Новоюласенский сельсовет на 2026год
A4: и плановый период 2027 и 2028 годов
A5: № от .12.2025 г
A7: Распределение бюджетных ассигнований бюджета поселения по разделам и подразделам классификации расходов бюджета поселения на 2026 год и плановый период 2027 и 2028 годов
A11: ( тыс. рублей)
A12: Наименование разделов и подразделов | B12: Рз | C12: Пр | D12: 2026 | E12: 2027г | F12: 2028г
A14: 1 | B14: 2 | C14: 3 | D14: 4 | E14: 5 | F14: 6
A15: Общегосударственные вопросы | B15: 01 | C15: 00 | D15: =D16+D17 -> 1929.1 | E15: =E16+E17 -> 1929.1 | F15: =F16+F17 -> 1929.1
A16: Функционирование высшего должностного лица субъекта Российской Федерации и муниципального образования | B16: 01 | C16: 02 | D16: ='Приложение 4'!G14 -> 902.7 | E16: ='Приложение 4'!H14 -> 902.7 | F16: ='Приложение 4'!I14 -> 902.7
A17: Функционирование Правительства Российской Федерации, высших исполнительных органов государственной власти субъектов Российской Федерации, местных администраций | B17: 01 | C17: 04 | D17: ='Приложение 4'!G20 -> 1026.4 | E17: ='Приложение 4'!H20 -> 1026.4 | F17: ='Приложение 4'!I20 -> 1026.4
A18: Национальная оборона | B18: 02 | C18: 00 | D18: ='Приложение 4'!G28 -> 253.2 | E18: ='Приложение 4'!H28 -> 282.9 | F18: ='Приложение 4'!I28 -> 361.3
A19: Мобилизационная и вневойсковая подготовка | B19: 02 | C19: 03 | D19: ='Приложение 4'!G28 -> 253.2 | E19: ='Приложение 4'!H28 -> 282.9 | F19: ='Приложение 4'!I28 -> 361.3
A20: Национальная безопасность и правоохранительная деятельность | B20: 03 | C20: 00 | D20: =D21+D22 -> 39.4 | E20: =E21+E22 -> 29.3 | F20: =F21+F22 -> 128.1
A21: Защита населения и территории от чрезвычайных ситуаций природного и техногенного характера, пожарная безопасность | B21: 03 | C21: 10 | D21: ='Приложение 4'!G37 -> 36.4 | E21: ='Приложение 4'!H37 -> 27.3 | F21: ='Приложение 4'!I37 -> 126.1
A22: Другие вопросы в области национальной безопасности и правоохранительной деятельности | B22: 03 | C22: 14 | D22: ='Приложение 4'!G43 -> 3 | E22: ='Приложение 4'!H43 -> 2 | F22: ='Приложение 4'!I43 -> 2
A23: Национальная экономика | B23: 04 | C23: 00 | D23: ='Приложение 4'!G49 -> 876.5 | E23: =E24+E25 -> 1155.3 | F23: =F24+F25 -> 1198.2
A24: Дорожное хозяйство (дорожные фонды) | B24: 04 | C24: 09 | D24: ='Приложение 4'!G50 -> 847.1 | E24: ='Приложение 4'!H50 -> 1125.9 | F24: ='Приложение 4'!I50 -> 1168.8
A25: Другие вопросы в области национальной экономики | B25: 04 | C25: 12 | D25: ='Приложение 4'!G56 -> 29.4 | E25: ='Приложение 4'!H56 -> 29.4 | F25: ='Приложение 4'!I56 -> 29.4
A26: Жилищно-коммунальное хозяйство | B26: 05 | C26: 00 | D26: ='Приложение 4'!G66 -> 194.1 | E26: =E27+E28 -> 121.1 | F26: =F27+F28 -> 9.3
A27: Коммунальное хозяйство | B27: 05 | C27: 02 | D27: ='Приложение 4'!G67 -> 170 | E27: ='Приложение 4'!H67 -> 80.1 | F27: ='Приложение 4'!I67 -> 9.1
A28: Благоустройство | B28: 05 | C28: 03 | D28: ='Приложение 4'!G75 -> 24.1 | E28: ='Приложение 4'!H75 -> 41 | F28: ='Приложение 4'!I75 -> 0.2
A29: Культура, кинематография | B29: 08 | C29: 00 | D29: =D30 -> 1025.1 | E29: =E30 -> 819.2 | F29: =F30 -> 737
A30: Культура | B30: 08 | C30: 01 | D30: ='Приложение 4'!G81 -> 1025.1 | E30: ='Приложение 4'!H81 -> 819.2 | F30: ='Приложение 4'!I81 -> 737
A31: Межбюджетные трансферты общего характера бюджетам бюджетной системы Российской Федерации | B31: 14 | C31: 00 | D31: =D32 -> 555.5 | E31: =E32 -> 555.5 | F31: =F32 -> 555.5
A32: Прочие межбюджетные трансферты общего характера | B32: 14 | C32: 03 | D32: ='Приложение 4'!G92 -> 555.5 | E32: ='Приложение 4'!H92 -> 555.5 | F32: ='Приложение 4'!I92 -> 555.5
A33: Условно утвержденные расходы | D33: 0 | E33: ='Приложение 4'!H103 -> 118.2 | F33: ='Приложение 4'!I103 -> 239.9
A34: ИТОГО РАСХОДОВ | D34: =D16+D17+D18+D20+D23+D26++D29+D31 -> 4872.9 | E34: =E16+E17+E18+E20+E23+E26+E29+E32+E33 -> 5010.6 | F34: =F16+F17+F18+F20+F23+F26+F29+F32+F33 -> 5158.4

Sheet Приложение 4
A1: Приложение № 4
A2: к бюджету муниципального образования
A3: Новоюласенский сельсовет на 2026 год
A4: и плановый период 2027 и 2028 годов
A5: № от .12902,7.2025 г
A6: Ведомственная структура расходов бюджета поселения на 2026 год и плановый период 2027 и 2028 годов
A9: Наименование | B9: Вед | C9: Рз | D9: Пр | E9: ЦСР | F9: ВР | G9: Сумма
G10: 2026 | H10: 2027 | I10: 2028
A11: 1 | B11: 2 | C11: 3 | D11: 4 | E11: 5 | F11: 6 | G11: 7 | H11: 8 | I11: 9
A12: Администрация Новоюласенского сельсовета | B12: 018 | G12: =G13+G28+G49+G81+G92+G36+G66 -> 4872.9 | H12: =H13+H28+H49+H81+H92+H36+H66+H103 -> 5010.6 | I12: =I13+I28+I49+I81+I92+I36+I66+I103 -> 5158.4
A13: Общегосударственные вопросы | B13: 018 | C13: 01 | D13: 00 | G13: =G14+G20 -> 1929.1 | H13: =H14+H20 -> 1929.1 | I13: =I14+I20 -> 1929.1
A14: Функционирование высшего должностного лица субъекта Российской Федерации и муниципального образования | B14: 018 | C14: 01 | D14: 02 | G14: =G15 -> 902.7 | H14: =H15 -> 902.7 | I14: =I15 -> 902.7
A15: Муниципальная программа «Устойчивое развитие территории муниципального образования Новоюласенский сельсовет Красногвардейского района Оренбургской области» | B15: 018 | C15: 01 | D15: 02 | E15: 3100000000 | G15: =G16 -> 902.7 | H15: =H16 -> 902.7 | I15: =I16 -> 902.7
A16: Комплексы процессных мероприятий | B16: 018 | C16: 01 | D16: 02 | E16: 3140000000 | G16: =G17 -> 902.7 | H16: =H17 -> 902.7 | I16: =I17 -> 902.7
A17: Комплексы процессных мероприятий «Обеспечение реализации муниципальной программы «Устойчивое развитие территории муниципального образования Новоюласенский сельсовет Красногвардейского района Оренбургской области» | B17: 018 | C17: 01 | D17: 02 | E17: 3140100000 | G17: =G18 -> 902.7 | H17: =H18 -> 902.7 | I17: =I18 -> 902.7
A18: Глава муниципального образования | B18: 018 | C18: 01 | D18: 02 | E18: 3140110010 | G18: =G19 -> 902.7 | H18: =H19 -> 902.7 | I18: =I19 -> 902.7
A19: Расходы на выплаты персоналу государственных (муниципальных) органов | B19: 018 | C19: 01 | D19: 02 | E19: 3140110010 | F19: 120 | G19: 902.7 | H19: 902.7 | I19: 902.7
A20: Функционирование Правительства Российской Федерации, высших исполнительных органов государственной власти субъектов Российской Федерации, местных администраций | B20: 018 | C20: 01 | D20: 04 | G20: =G21 -> 1026.4 | H20: =H21 -> 1026.4 | I20: =I21 -> 1026.4
A21: Муниципальная программа «Устойчивое развитие территории муниципального образования Новоюласенский сельсовет Красногвардейского района Оренбургской области» | B21: 018 | C21: 01 | D21: 04 | E21: 3100000000 | G21: =G22 -> 1026.4 | H21: =H22 -> 1026.4 | I21: =I22 -> 1026.4
A22: Комплексы процессных мероприятий | B22: 018 | C22: 01 | D22: 04 | E22: 3140000000 | G22: =G23 -> 1026.4 | H22: =H23 -> 1026.4 | I22: =I23 -> 1026.4
A23: Комплексы процессных мероприятий «Обеспечение реализации муниципальной программы «Устойчивое развитие территории муниципального образования Новоюласенский сельсовет Красногвардейского района Оренбургской области» | B23: 018 | C23: 01 | D23: 04 | E23: 3140100000 | G23: =G24 -> 1026.4 | H23: =H24 -> 1026.4 | I23: =I24 -> 1026.4
A24: Центральный аппарат | B24: 018 | C24: 01 | D24: 04 | E24: 3140110020 | G24: =G25+G26+G27 -> 1026.4 | H24: =H25+H26+H27 -> 1026.4 | I24: =I25+I26+I27 -> 1026.4
A25: Расходы на выплаты персоналу государственных (муниципальных) органов | B25: 018 | C25: 01 | D25: 04 | E25: 3140110020 | F25: 120 | G25: 709.7 | H25: 709.7 | I25: 709.7
A26: Иные закупки товаров, работ и услуг для обеспечения государственных (муниципальных) нужд | B26: 018 | C26: 01 | D26: 04 | E26: 3140110020 | F26: 240 | G26: 312 | H26: 312 | I26: 312
A27: Уплата налогов, сборов и иных платежей | B27: 018 | C27: 01 | D27: 04 | E27: 3140110020 | F27: 850 | G27: 4.7 | H27: 4.7 | I27: 4.7
A28: Национальная оборона | B28: 018 | C28: 02 | D28: 00 | G28: =G29 -> 253.2 | H28: =H29 -> 282.9 | I28: =I29 -> 361.3
A29: Мобилизационная и вневойсковая подготовка | B29: 018 | C29: 02 | D29: 03 | G29: =G30 -> 253.2 | H29: =H30 -> 282.9 | I29: =I30 -> 361.3
A30: Муниципальная программа «Устойчивое развитие территории муниципального образования Новоюласенский сельсовет Красногвардейского района Оренбургской области» | B30: 018 | C30: 02 | D30: 03 | E30: 3100000000 | G30: =G31 -> 253.2 | H30: =H31 -> 282.9 | I30: =I31 -> 361.3
A31: Комплексы процессных мероприятий | B31: 018 | C31: 02 | D31: 03 | E31: 3140000000 | G31: =G32 -> 253.2 | H31: =H32 -> 282.9 | I31: =I32 -> 361.3
A32: Комплексы процессных мероприятий «Обеспечение реализации муниципальной программы «Устойчивое развитие территории муниципального образования Новоюласенский сельсовет Красногвардейского района Оренбургской области» | B32: 018 | C32: 02 | D32: 03 | E32: 3140100000 | G32: =G33 -> 253.2 | H32: =H33 -> 282.9 | I32: =I33 -> 361.3
A33: Субвенции на осуществление первичного воинского учета органами местного самоуправления поселений, муниципальных и городских округов | B33: 018 | C33: 02 | D33: 03 | E33: 3140151180 | G33: =G34+G35 -> 253.2 | H33: =H34+H35 -> 282.9 | I33: =I34+I35 -> 361.3
A34: Расходы на выплаты персоналу государственных (муниципальных) органов | B34: 018 | C34: 02 | D34: 03 | E34: 3140151180 | F34: 120 | G34: 219.6 | H34: 249.3 | I34: 327.7
A35: Иные закупки товаров, работ и услуг для обеспечения государственных (муниципальных) нужд | B35: 018 | C35: 02 | D35: 03 | E35: 3140151180 | F35: 240 | G35: 33.6 | H35: 33.6 | I35: 33.6
A36: Национальная безопасность и правоохранительная деятельность | B36: 018 | C36: 03 | D36: 00 | G36: =G37+G43 -> 39.4 | H36: =H37+H43 -> 29.3 | I36: =I37+I43 -> 128.1
A37: Защита населения и территории от чрезвычайных ситуаций природного и техногенногохарактера, пожарная безопасность | B37: 018 | C37: 03 | D37: 10 | G37: =G38 -> 36.4 | H37: =H38 -> 27.3 | I37: =I38 -> 126.1
A38: Муниципальная программа «Устойчивое развитие территории муниципального образования Новоюласенский сельсовет Красногвардейского района Оренбургской области» | B38: 018 | C38: 03 | D38: 10 | E38: 3100000000 | G38: =G39 -> 36.4 | H38: =H39 -> 27.3 | I38: =I39 -> 126.1
A39: Комплексы процессных мероприятий | B39: 018 | C39: 03 | D39: 10 | E39: 3140000000 | G39: =G40 -> 36.4 | H39: =H40 -> 27.3 | I39: =I40 -> 126.1
A40: Комплексы процессных мероприятий «Обеспечение безопасности жизнедеятельности населения в муниципальном образовании Новоюласенский сельсовет Красногвардейского района Оренбургской области» | B40: 018 | C40: 03 | D40: 10 | E40: 3140300000 | G40: =G41 -> 36.4 | H40: =H41 -> 27.3 | I40: =I41 -> 126.1
A41: Разработка и утверждение комплекса мер по обеспечению пожарной безопасности муниципальных учреждений и жилищного фонда | B41: 018 | C41: 03 | D41: 10 | E41: 3140360080 | G41: =G42 -> 36.4 | H41: =H42 -> 27.3 | I41: =I42 -> 126.1
A42: Иные закупки товаров, работ и услуг для обеспечения государственных (муниципальных) нужд | B42: 018 | C42: 03 | D42: 10 | E42: 3140360080 | F42: 240 | G42: 36.4 | H42: 27.3 | I42: 126.1
A43: Другие вопросы в области национальной безопасности и правоохранительной деятельности | B43: 018 | C43: 03 | D43: 14 | G43: =G44 -> 3 | H43: =H44 -> 2 | I43: =I44 -> 2
A44: Муниципальная программа «Устойчивое развитие территории муниципального образования Новоюласенский сельсовет Красногвардейского района Оренбургской области» | B44: 018 | C44: 03 | D44: 14 | E44: 3100000000 | G44: =G45 -> 3 | H44: =H45 -> 2 | I44: =I45 -> 2
A45: Комплексы процессных мероприятий | B45: 018 | C45: 03 | D45: 14 | E45: 3140000000 | G45: =G46 -> 3 | H45: =H46 -> 2 | I45: =I46 -> 2
A46: Комплексы процессных мероприятий «Обеспечение безопасности жизнедеятельности населения в муниципальном образовании Новоюласенский сельсовет Красногвардейского района Оренбургской области» | B46: 018 | C46: 03 | D46: 14 | E46: 3140300000 | G46: =G47 -> 3 | H46: =H47 -> 2 | I46: =I47 -> 2
A47: Прочие мероприятия в области национальной безопасности и правоохранительной деятельности | B47: 018 | C47: 03 | D47: 14 | E47: 3140360090 | G47: =G48 -> 3 | H47: =H48 -> 2 | I47: =I48 -> 2
A48: Иные закупки товаров, работ и услуг для обеспечения государственных (муниципальных) нужд | B48: 018 | C48: 03 | D48: 14 | E48: 3140360090 | F48: 240 | G48: 3 | H48: 2 | I48: 2
A49: Национальная экономика | B49: 018 | C49: 04 | D49: 00 | G49: =G50+G56 -> 876.5 | H49: =H50+H56 -> 1155.3 | I49: =I50+I56 -> 1198.2
A50: Дорожное хозяйство (дорожные фонды) | B50: 018 | C50: 04 | D50: 09 | G50: =G51 -> 847.1 | H50: =H51 -> 1125.9 | I50: =I51 -> 1168.8
A51: Муниципальная программа «Комплексное развитие транспортной инфраструктуры муниципального образования Новоюласенский сельсовет Красногвардейского района Оренбургской области» | B51: 018 | C51: 04 | D51: 09 | E51: 3200000000 | G51: =G52 -> 847.1 | H51: =H52 -> 1125.9 | I51: =I52 -> 1168.8
A52: Комплексы процессных мероприятий | B52: 018 | C52: 04 | D52: 09 | E52: 3240000000 | G52: =G53 -> 847.1 | H52: =H54 -> 1125.9 | I52: =I54 -> 1168.8
A53: Комплексы процессных мероприятий «Содержание и ремонт автомобильных дорог общего пользования местного значения в муниципальном образовании Новоюласенский сельсовет Красногвардейского района Оренбургской области» | B53: 018 | C53: 04 | D53: 09 | E53: 3240100000 | G53: =G55 -> 847.1 | H53: =H54 -> 1125.9 | I53: =I54 -> 1168.8
A54: Содержание автомобильных дорог и инженерных сооружений на них в границах поселений | B54: 018 | C54: 04 | D54: 09 | E54: 324019Д110 | G54: =G55 -> 847.1 | H54: =H55 -> 1125.9 | I54: =I55 -> 1168.8
A55: Иные закупки товаров, работ и услуг для обеспечения государственных (муниципальных) нужд | B55: 018 | C55: 04 | D55: 09 | E55: 324019Д110 | F55: 240 | G55: 847.1 | H55: 1125.9 | I55: 1168.8
A56: Другие вопросы в области национальной экономики | B56: 018 | C56: 04 | D56: 12 | G56: =G57 -> 29.4 | H56: =H57 -> 29.4 | I56: =I57 -> 29.4
A57: Муниципальная программа «Устойчивое развитие территории муниципального образования Новоюласенский сельсовет Красногвардейского района Оренбургской области» | B57: 018 | C57: 04 | D57: 12 | E57: 3100000000 | G57: =G58 -> 29.4 | H57: =H58 -> 29.4 | I57: =I58 -> 29.4
A58: Комплексы процессных мероприятий | B58: 018 | C58: 04 | D58: 12 | E58: 3140000000 | G58: =G59 -> 29.4 | H58: =H59 -> 29.4 | I58: =I59 -> 29.4
A59: Комплексы процессных мероприятий " Управление муниципальным имуществом, мероприятия по землеустройству и землепользованию в муниципальном образовании" | B59: 018 | C59: 04 | D59: 12 | E59: 3140200000 | G59: =G60+G62+G64 -> 29.4 | H59: =H60+H62+H64 -> 29.4 | I59: =I60+I62+I64 -> 29.4
A60: Оценка земельных участков, комплекс кадастровых работ по подготовке документов для постановке на государственный кадастровый земельных участков, недвижимого имущества | B60: 018 | C60: 04 | D60: 12 | E60: 3140260280 | G60: =G61 -> 1 | H60: =+H61 -> 1 | I60: =+I61 -> 1
A61: Иные закупки товаров, работ и услуг для обеспечения государственных (муниципальных) нужд | B61: 018 | C61: 04 | D61: 12 | E61: 3140260280 | F61: 240 | G61: 1 | H61: 1 | I61: 1
A62: Межбюджетные трансферты бюджетам муниципальных районов из бюджетов поселений на осуществление части полномочий по решению вопросов местного значения в соответствии с заключенными соглашениями (осуществление муниципального земельного контроля) | B62: 018 | C62: 04 | D62: 12 | E62: 3140261070 | G62: =G63 -> 27.9 | H62: =H63 -> 27.9 | I62: =I63 -> 27.9
A63: Иные межбюджетные трансферты | B63: 018 | C63: 04 | D63: 12 | E63: 3140261070 | F63: 540 | G63: 27.9 | H63: 27.9 | I63: 27.9
A64: Межбюджетные трансферты бюджетам муниципальных районов на осуществление части полномочий администрации поселения по развитию системы градорегулирования в муниципальном образовании | B64: 018 | C64: 04 | D64: 12 | E64: 3140261080 | G64: =G65 -> 0.5 | H64: =H65 -> 0.5 | I64: =I65 -> 0.5
A65: Иные межбюджетные трансферты | B65: 018 | C65: 04 | D65: 12 | E65: 3140261080 | F65: 540 | G65: 0.5 | H65: 0.5 | I65: 0.5
A66: Жилищно-коммунальное хозяйство | B66: 018 | C66: 05 | D66: 00 | G66: =G67+G75 -> 194.1 | H66: =H67+H75 -> 121.1 | I66: =I67+I75 -> 9.3
A67: Коммунальное хозяйство | B67: 018 | C67: 05 | D67: 02 | G67: =G68 -> 170 | H67: =H68 -> 80.1 | I67: =I68 -> 9.1
A68: Муниципальная программа «Комплексное развитие жилищно-коммунальной инфраструктуры и повышение уровня благоустройства на территории муниципального образования Новоюласенский сельсовет» | B68: 018 | C68: 05 | D68: 02 | E68: 3300000000 | G68: =G69 -> 170 | H68: =H69 -> 80.1 | I68: =I69 -> 9.1
A69: Комплексы процессных мероприятий | B69: 018 | C69: 05 | D69: 02 | E69: 3340000000 | G69: =G70 -> 170 | H69: =H70 -> 80.1 | I69: =I70 -> 9.1
A70: Комплексы процессных мероприятий «Мероприятия в сфере жилищно-коммунальной инфраструктуры и повышение уровня благоустройства на территории муниципального образования Новоюласенский сельсовет» | B70: 018 | C70: 05 | D70: 02 | E70: 3340100000 | G70: =G74+G72 -> 170 | H70: =+H73+H72 -> 80.1 | I70: =I74+I72 -> 9.1
A71: Капитальный ремонт и ремонт объектов коммунальной инфраструктуры | B71: 018 | C71: 05 | D71: 02 | E71: 3340160150 | G71: =G72 -> 40 | H71: =H72 -> 27.6 | I71: =I72 -> 0
A72: Иные закупки товаров, работ и услуг для обеспечения государственных (муниципальных) нужд | B72: 018 | C72: 05 | D72: 02 | E72: 3340160150 | F72: 240 | G72: 40 | H72: 27.6 | I72: 0
A73: Содержание объектов коммунального хозяйства | B73: 018 | C73: 05 | D73: 02 | E73: 3340160160 | G73: =G74 -> 130 | H73: =H74 -> 52.5 | I73: =I74 -> 9.1
A74: Иные закупки товаров, работ и услуг для обеспечения государственных (муниципальных) нужд | B74: 018 | C74: 05 | D74: 02 | E74: 3340160160 | F74: 240 | G74: 130 | H74: 52.5 | I74: 9.1
A75: Благоустройство | B75: 018 | C75: 05 | D75: 03 | G75: =G76 -> 24.1 | H75: =H76 -> 41 | I75: =I76 -> 0.2
A76: Муниципальная программа «Комплексное развитие жилищно-коммунальной инфраструктуры и повышение уровня благоустройства на территории муниципального образования Новоюласенский сельсовет» | B76: 018 | C76: 05 | D76: 03 | E76: 3300000000 | G76: =G77 -> 24.1 | H76: =H77 -> 41 | I76: =I77 -> 0.2
A77: Комплексы процессных мероприятий | B77: 018 | C77: 05 | D77: 03 | E77: 3340000000 | G77: =G78 -> 24.1 | H77: =H78 -> 41 | I77: =I78 -> 0.2
A78: Комплексы процессных мероприятий «Мероприятия в сфере жилищно-коммунальной инфраструктуры и повышение уровня благоустройства на территории муниципального образования Новоюласенский сельсовет» | B78: 018 | C78: 05 | D78: 03 | E78: 3340100000 | G78: =G80 -> 24.1 | H78: =H79 -> 41 | I78: =I79 -> 0.2
A79: Прочие мероприятия по благоустройству городских округов и поселений | B79: 018 | C79: 05 | D79: 03 | E79: 3340160200 | G79: =G80 -> 24.1 | H79: =H80 -> 41 | I79: =I80 -> 0.2
A80: Иные закупки товаров, работ и услуг для обеспечения государственных (муниципальных) нужд | B80: 018 | C80: 05 | D80: 03 | E80: 3340160200 | F80: 240 | G80: 24.1 | H80: 41 | I80: 0.2
A81: Культура, кинематография | B81: 018 | C81: 08 | D81: 00 | G81: =G82 -> 1025.1 | H81: =H82 -> 819.2 | I81: =I82 -> 737
A82: Культура | B82: 018 | C82: 08 | D82: 01 | G82: =G83 -> 1025.1 | H82: =H83 -> 819.2 | I82: =I83 -> 737
A83: Муниципальная программа «Устойчивое развитие территории муниципального образования Новоюласенский сельсовет Красногвардейского района Оренбургской области» | B83: 018 | C83: 08 | D83: 01 | E83: 3100000000 | G83: =G84 -> 1025.1 | H83: =H84 -> 819.2 | I83: =I84 -> 737
A84: Комплексы процессных мероприятий | B84: 018 | C84: 08 | D84: 01 | E84: 3140000000 | G84: =G85 -> 1025.1 | H84: =H85 -> 819.2 | I84: =I85 -> 737
A85: Комплексы процессных мероприятий «Развитие культуры в муниципальном образовании Новоюласенский сельсовет Красногвардейского района Оренбургской области» | B85: 018 | C85: 08 | D85: 01 | E85: 3140400000 | G85: =G87+G89+G91 -> 1025.1 | H85: =H89+H87+H91 -> 819.2 | I85: =I89+I91 -> 737
A86: Мероприятия в сфере культуры и кинематографии | B86: 018 | C86: 08 | D86: 01 | E86: 3140460210 | G86: =G87 -> 4 | H86: =H87 -> 0 | I86: =I87 -> 0
A87: Иные закупки товаров, работ и услуг для обеспечения государственных (муниципальных) нужд | B87: 018 | C87: 08 | D87: 01 | E87: 3140460210 | F87: 240 | G87: 4 | H87: 0 | I87: 0
A88: Дома культуры и другие учреждения культуры (за исключением библиотек, музеев, театров, концертных и других организаций исполнительских искусств) | B88: 018 | C88: 08 | D88: 01 | E88: 3140460220 | G88: =G89 -> 595.6 | H88: =H89 -> 393.7 | I88: =I89 -> 311.5
A89: Иные закупки товаров, работ и услуг для обеспечения государственных (муниципальных) нужд | B89: 018 | C89: 08 | D89: 01 | E89: 3140460220 | F89: 240 | G89: 595.6 | H89: 393.7 | I89: 311.5
A90: Межбюджетные трансферты бюджетам муниципальных районов из бюджетов поселений на осуществление части полномочий по решению вопросов местного значения, в соответствии с заключенными соглашениями (услуги организации культуры) | B90: 018 | C90: 08 | D90: 01 | E90: 3140461020 | G90: =G91 -> 425.5 | H90: =H91 -> 425.5 | I90: =I91 -> 425.5
A91: Иные межбюджетные трансферты | B91: 018 | C91: 08 | D91: 01 | E91: 3140461020 | F91: 540 | G91: 425.5 | H91: 425.5 | I91: 425.5
A92: Межбюджетные трансферты общего характера бюджетам бюджетной системы Российской Федерации | B92: 018 | C92: 14 | D92: 00 | G92: =G93 -> 555.5 | H92: =H93 -> 555.5 | I92: =I93 -> 555.5
A93: Прочие межбюджетные трансферты общего характера | B93: 018 | C93: 14 | D93: 03 | G93: =G94 -> 555.5 | H93: =H94 -> 555.5 | I93: =I94 -> 555.5
A94: Муниципальная программа "Устойчивое развитие территории муниципального образования Новоюласенский сельсовет Красногвардейского района Оренбургской области" | B94: 018 | C94: 14 | D94: 03 | E94: 3100000000 | G94: =G95 -> 555.5 | H94: =H95 -> 555.5 | I94: =I95 -> 555.5
A95: Комплексы процессных мероприятий | B95: 018 | C95: 14 | D95: 03 | E95: 3140000000 | G95: =G96 -> 555.5 | H95: =H96 -> 555.5 | I95: =I96 -> 555.5
A96: Комплексы процессных мероприятий «Обеспечение реализации муниципальной программы «Устойчивое развитие территории муниципального образования Новоюласенский сельсовет Красногвардейского района Оренбургской области» | B96: 018 | C96: 14 | D96: 03 | E96: 3140100000 | G96: =G97+G99+G101 -> 555.5 | H96: =H97+H99+H101 -> 555.5 | I96: =I97+I99+I101 -> 555.5
A97: Межбюджетные трансферты бюджетам муниципальных районов из бюджетов поселений на осуществление части полномочий по решению вопросов местного значения в соответствии с заключенными соглашениями (внешний муниципальный финансовый контроль) | B97: 018 | C97: 14 | D97: 03 | E97: 3140161010 | G97: =G98 -> 15.3 | H97: =H98 -> 15.3 | I97: =I98 -> 15.3
A98: Иные межбюджетные трансферты | B98: 018 | C98: 14 | D98: 03 | E98: 3140161010 | F98: 540 | G98: 15.3 | H98: 15.3 | I98: 15.3
A99: Межбюджетные трансферты бюджетам муниципальных районов из бюджетов поселений на осуществление части полномочий по решению вопросов местного значения в соответствии с заключенными соглашениями (составление проекта бюджета поселения, исполнение бюджета поселения, осуществление контроля за его исполнением, составление отчета об исполнении бюджета поселения) | B99: 018 | C99: 14 | D99: 03 | E99: 3140161040 | G99: =G100 -> 540 | H99: =H100 -> 540 | I99: =I100 -> 540
A100: Иные межбюджетные трансферты | B100: 018 | C100: 14 | D100: 03 | E100: 3140161040 | F100: 540 | G100: 540 | H100: 540 | I100: 540
A101: Межбюджетные трансферты бюджетам муниципальных районов из бюджетов поселений на осуществление части полномочий по решению вопросов местного значения в соответствии с заключенными соглашениями (по формированию и обеспечению деятельности комиссии по соблюдению требований к служебному поведению муниципальных служащих и урегулированию конфликта интересов) | B101: 018 | C101: 14 | D101: 03 | E101: 3140161050 | G101: =G102 -> 0.2 | H101: =H102 -> 0.2 | I101: =I102 -> 0.2
A102: Иные межбюджетные трансферты | B102: 018 | C102: 14 | D102: 03 | E102: 3110161050 | F102: 540 | G102: 0.2 | H102: 0.2 | I102: 0.2
...

Sheet Приложение 5
A1: Приложение № 5
A2: к бюджету муниципального образования
A3: Новоюласенский сельсовет на 2026 год
A4: и плановый период 2027 и 2028 годов
A5: № от .12.2025 г
A6: Распределение бюджетных ассигнований бюджета поселения по разделам и подразделам, целевым статьям (муниципальным программам и непрограммным направлениям деятельности), группам и подгруппам видов расходов классификации расходов на 2026 год и плановый период 2027 и 2028 годов
A8: (тысяч рублей)
A9: Наименование | B9: Рз | C9: Пр | D9: ЦСР | E9: ВР | F9: Сумма
F10: 2026 | G10: 2027 | H10: 2028
A11: 1 | B11: 2 | C11: 3 | D11: 4 | E11: 5 | F11: 6 | G11: 7 | H11: 8
A13: Общегосударственные вопросы | B13: 01 | C13: 00 | F13: =F14+F20 -> 1929.1 | G13: =G14+G20 -> 1929.1 | H13: =H14+H20 -> 1929.1
A14: Функционирование высшего должностного лица субъекта Российской Федерации и муниципального образования | B14: 01 | C14: 02 | F14: =F15 -> 902.7 | G14: =G15 -> 902.7 | H14: =H15 -> 902.7
A15: Муниципальная программа «Устойчивое развитие территории муниципального образования Новоюласенский сельсовет Красногвардейского района Оренбургской области» | B15: 01 | C15: 02 | D15: 3100000000 | F15: =F16 -> 902.7 | G15: =G16 -> 902.7 | H15: =H16 -> 902.7
A16: Комплексы процессных мероприятий | B16: 01 | C16: 02 | D16: 3140000000 | F16: =F17 -> 902.7 | G16: =G17 -> 902.7 | H16: =H17 -> 902.7
A17: Комплексы процессных мероприятий «Обеспечение реализации муниципальной программы «Устойчивое развитие территории муниципального образования Новоюласенский сельсовет Красногвардейского района Оренбургской области» | B17: 01 | C17: 02 | D17: 3140100000 | F17: =F18 -> 902.7 | G17: =G18 -> 902.7 | H17: =H18 -> 902.7
A18: Глава муниципального образования | B18: 01 | C18: 02 | D18: 3140110010 | F18: =F19 -> 902.7 | G18: =G19 -> 902.7 | H18: =H19 -> 902.7
A19: Расходы на выплаты персоналу государственных (муниципальных) органов | B19: 01 | C19: 02 | D19: 3140110010 | E19: 120 | F19: ='Приложение 4'!G19 -> 902.7 | G19: ='Приложение 4'!H19 -> 902.7 | H19: ='Приложение 4'!I19 -> 902.7
A20: Функционирование Правительства Российской Федерации, высших исполнительных органов государственной власти субъектов Российской Федерации, местных администраций | B20: 01 | C20: 04 | F20: =F21 -> 1026.4 | G20: =G21 -> 1026.4 | H20: =H21 -> 1026.4
A21: Муниципальная программа «Устойчивое развитие территории муниципального образования Новоюласенский сельсовет Красногвардейского района Оренбургской области» | B21: 01 | C21: 04 | D21: 3100000000 | F21: =F22 -> 1026.4 | G21: =G22 -> 1026.4 | H21: =H22 -> 1026.4
A22: Комплексы процессных мероприятий | B22: 01 | C22: 04 | D22: 3140000000 | F22: =F23 -> 1026.4 | G22: =G23 -> 1026.4 | H22: =H23 -> 1026.4
A23: Комплексы процессных мероприятий «Обеспечение реализации муниципальной программы «Устойчивое развитие территории муниципального образования Новоюласенский сельсовет Красногвардейского района Оренбургской области» | B23: 01 | C23: 04 | D23: 3140100000 | F23: =F24 -> 1026.4 | G23: =G24 -> 1026.4 | H23: =H24 -> 1026.4
A24: Центральный аппарат | B24: 01 | C24: 04 | D24: 3140110020 | F24: =F25+F26+F27 -> 1026.4 | G24: =G25+G26+G27 -> 1026.4 | H24: =H25+H26+H27 -> 1026.4
A25: Расходы на выплаты персоналу государственных (муниципальных) органов | B25: 01 | C25: 04 | D25: 3140110020 | E25: 120 | F25: ='Приложение 4'!G25 -> 709.7 | G25: ='Приложение 4'!H25 -> 709.7 | H25: ='Приложение 4'!I25 -> 709.7
A26: Иные закупки товаров, работ и услуг для обеспечения государственных (муниципальных) нужд | B26: 01 | C26: 04 | D26: 3140110020 | E26: 240 | F26: ='Приложение 4'!G26 -> 312 | G26: ='Приложение 4'!H26 -> 312 | H26: ='Приложение 4'!I26 -> 312
A27: Исполнение судебных актов | B27: 01 | C27: 04 | D27: 3140110020 | E27: 850 | F27: ='Приложение 4'!G27 -> 4.7 | G27: ='Приложение 4'!H27 -> 4.7 | H27: ='Приложение 4'!I27 -> 4.7
A28: Национальная оборона | B28: 02 | C28: 00 | F28: =F29 -> 253.2 | G28: =G29 -> 282.9 | H28: =H29 -> 361.3
A29: Мобилизационная и вневойсковая подготовка | B29: 02 | C29: 03 | F29: =F30 -> 253.2 | G29: =G30 -> 282.9 | H29: =H30 -> 361.3
A30: Муниципальная программа «Устойчивое развитие территории муниципального образования» | B30: 02 | C30: 03 | D30: 3100000000 | F30: =F31 -> 253.2 | G30: =G31 -> 282.9 | H30: =H31 -> 361.3
A31: Комплексы процессных мероприятий | B31: 02 | C31: 03 | D31: 3140000000 | F31: =F32 -> 253.2 | G31: =G32 -> 282.9 | H31: =H32 -> 361.3
A32: Комплексы процессных мероприятий «Обеспечение реализации муниципальной программы «Устойчивое развитие территории муниципального образования Новоюласенский сельсовет Красногвардейского района Оренбургской области» | B32: 02 | C32: 03 | D32: 3140100000 | F32: =F33 -> 253.2 | G32: =G33 -> 282.9 | H32: =H33 -> 361.3
A33: Субвенции на осуществление первичного воинского учета органами местного самоуправления поселений, муниципальных и городских округов | B33: 02 | C33: 03 | D33: 3140151180 | F33: =F34+F35 -> 253.2 | G33: =G34+G35 -> 282.9 | H33: =H34+H35 -> 361.3
A34: Расходы на выплаты персоналу государственных (муниципальных) органов | B34: 02 | C34: 03 | D34: 3140151180 | E34: 120 | F34: ='Приложение 4'!G34 -> 219.6 | G34: ='Приложение 4'!H34 -> 249.3 | H34: ='Приложение 4'!I34 -> 327.7
A35: Иные закупки товаров, работ и услуг для обеспечения государственных (муниципальных) нужд | B35: 02 | C35: 03 | D35: 3140151180 | E35: 240 | F35: ='Приложение 4'!G35 -> 33.6 | G35: ='Приложение 4'!H35 -> 33.6 | H35: ='Приложение 4'!I35 -> 33.6
A36: Национальная безопасность и правоохранительная деятельность | B36: 03 | C36: 00 | F36: =F37+F43 -> 39.4 | G36: =+G37+G43 -> 29.3 | H36: =H37+H43 -> 128.1
A37: Защита населения и территории от чрезвычайных ситуаций природного и техногенногохарактера, пожарная безопасность | B37: 03 | C37: 10 | F37: =F38 -> 36.4 | G37: =G38 -> 27.3 | H37: =H38 -> 126.1
A38: Муниципальная программа «Устойчивое развитие территории муниципального образования Новоюласенский сельсовет Красногвардейского района Оренбургской области» | B38: 03 | C38: 10 | D38: 3100000000 | F38: =F39 -> 36.4 | G38: =G39 -> 27.3 | H38: =H39 -> 126.1
A39: Комплексы процессных мероприятий | B39: 03 | C39: 10 | D39: 3140000000 | F39: =F40 -> 36.4 | G39: =G40 -> 27.3 | H39: =H40 -> 126.1
A40: Комплексы процессных мероприятий «Обеспечение безопасности жизнедеятельности населения в муниципальном образовании Новоюласенский сельсовет Красногвардейского района Оренбургской области» | B40: 03 | C40: 10 | D40: 3140300000 | F40: =F41 -> 36.4 | G40: =G41 -> 27.3 | H40: =H41 -> 126.1
A41: Разработка и утверждение комплекса мер по обеспечению пожарной безопасности муниципальных учреждений и жилищного фонда | B41: 03 | C41: 10 | D41: 3140360080 | F41: =F42 -> 36.4 | G41: =G42 -> 27.3 | H41: =H42 -> 126.1
A42: Иные закупки товаров, работ и услуг для обеспечения государственных (муниципальных) нужд | B42: 03 | C42: 10 | D42: 3140360080 | E42: 240 | F42: ='Приложение 4'!G42 -> 36.4 | G42: ='Приложение 4'!H42 -> 27.3 | H42: ='Приложение 4'!I42 -> 126.1
A43: Другие вопросы в области национальной безопасности и правоохранительной деятельности | B43: 03 | C43: 14 | F43: =F44 -> 3 | G43: =G44 -> 2 | H43: =H44 -> 2
A44: Муниципальная программа «Устойчивое развитие территории муниципального образования Новоюласенский сельсовет Красногвардейского района Оренбургской области» | B44: 03 | C44: 14 | D44: 3100000000 | F44: =F45 -> 3 | G44: =G45 -> 2 | H44: =H45 -> 2
A45: Комплексы процессных мероприятий | B45: 03 | C45: 14 | D45: 3140000000 | F45: =F46 -> 3 | G45: =G46 -> 2 | H45: =H46 -> 2
A46: Комплексы процессных мероприятий «Обеспечение безопасности жизнедеятельности населения в муниципальном образовании Новоюласенский сельсовет Красногвардейского района Оренбургской области» | B46: 03 | C46: 14 | D46: 3140300000 | F46: =F47 -> 3 | G46: =G47 -> 2 | H46: =H47 -> 2
A47: Прочие мероприятия в области национальной безопасности и правоохранительной деятельности | B47: 03 | C47: 14 | D47: 3140360090 | F47: =F48 -> 3 | G47: =G48 -> 2 | H47: =H48 -> 2
A48: Иные закупки товаров, работ и услуг для обеспечения государственных (муниципальных) нужд | B48: 03 | C48: 14 | D48: 3140360090 | E48: 240 | F48: ='Приложение 4'!G48 -> 3 | G48: ='Приложение 4'!H48 -> 2 | H48: ='Приложение 4'!I48 -> 2
A49: Национальная экономика | B49: 04 | C49: 00 | F49: =F50+F56 -> 876.5 | G49: =G50+G56 -> 1155.3 | H49: =H50+H56 -> 1198.2
A50: Дорожное хозяйство (дорожные фонды) | B50: 04 | C50: 09 | F50: =F51 -> 847.1 | G50: =G51 -> 1125.9 | H50: =H51 -> 1168.8
A51: Муниципальная программа «Комплексное развитие транспортной инфраструктуры муниципального образования Новоюласенский сельсовет » | B51: 04 | C51: 09 | D51: 3200000000 | F51: =F52 -> 847.1 | G51: =G52 -> 1125.9 | H51: =H52 -> 1168.8
A52: Комплексы процессных мероприятий | B52: 04 | C52: 09 | D52: 3240000000 | F52: =F53 -> 847.1 | G52: =G54 -> 1125.9 | H52: =H54 -> 1168.8
A53: Комплексы процессных мероприятий «Содержание и ремонт автомобильных дорог общего пользования местного значения в муниципальном образовании Новоюласенский сельсовет Красногвардейского района Оренбургской области» | B53: 04 | C53: 09 | D53: 3240100000 | F53: ='Приложение 4'!G53 -> 847.1 | G53: ='Приложение 4'!H53 -> 1125.9 | H53: ='Приложение 4'!I53 -> 1168.8
A54: Содержание автомобильных дорог и инженерных сооружений на них в границах поселений | B54: 04 | C54: 09 | D54: 324019Д110 | F54: =F55 -> 847.1 | G54: =G55 -> 1125.9 | H54: =H55 -> 1168.8
A55: Иные закупки товаров, работ и услуг для обеспечения государственных (муниципальных) нужд | B55: 04 | C55: 09 | D55: 324019Д110 | E55: 240 | F55: ='Приложение 4'!G55 -> 847.1 | G55: ='Приложение 4'!H55 -> 1125.9 | H55: ='Приложение 4'!I55 -> 1168.8
A56: Другие вопросы в области национальной экономики | B56: 04 | C56: 12 | F56: =F57 -> 29.4 | G56: =G57 -> 29.4 | H56: ='Приложение 4'!I57 -> 29.4
A57: Муниципальная программа «Устойчивое развитие территории муниципального образования Новоюласенский сельсовет Красногвардейского района Оренбургской области» | B57: 04 | C57: 12 | D57: 3100000000 | F57: =F58 -> 29.4 | G57: =G58 -> 29.4 | H57: =H58 -> 29.4
A58: Комплексы процессных мероприятий | B58: 04 | C58: 12 | D58: 3140000000 | F58: ='Приложение 4'!G58 -> 29.4 | G58: ='Приложение 4'!H58 -> 29.4 | H58: ='Приложение 4'!I58 -> 29.4
A59: Комплексы процессных мероприятий " Управление муниципальным имуществом, мероприятия по землеустройству и землепользованию в муниципальном образовании" | B59: 04 | C59: 12 | D59: 3140200000 | F59: ='Приложение 4'!G59 -> 29.4 | G59: ='Приложение 4'!H59 -> 29.4 | H59: ='Приложение 4'!I59 -> 29.4
A60: Оценка земельных участков, комплекс кадастровых работ по подготовке документов для постановке на государственный кадастровый земельных участков, недвижимого имущества | B60: 04 | C60: 12 | D60: 3140260280 | F60: =+F61 -> 1 | G60: =+G61 -> 1 | H60: =+H61 -> 1
A61: Иные закупки товаров, работ и услуг для обеспечения государственных (муниципальных) нужд | B61: 04 | C61: 12 | D61: 3140260280 | E61: 240 | F61: ='Приложение 4'!G61 -> 1 | G61: ='Приложение 4'!H61 -> 1 | H61: =+'Приложение 4'!I61 -> 1
A62: Межбюджетные трансферты бюджетам муниципальных районов из бюджетов поселений на осуществление части полномочий по решению вопросов местного значения в соответствии с заключенными соглашениями (осуществление муниципального земельного контроля) | B62: 04 | C62: 12 | D62: 3140261070 | F62: =F63 -> 27.9 | G62: =G63 -> 27.9 | H62: =H63 -> 27.9
A63: Иные межбюджетные трансферты | B63: 04 | C63: 12 | D63: 3140261070 | E63: 540 | F63: ='Приложение 4'!G63 -> 27.9 | G63: ='Приложение 4'!H63 -> 27.9 | H63: ='Приложение 4'!I63 -> 27.9
A64: Межбюджетные трансферты бюджетам муниципальных районов на осуществление части полномочий администрации поселения по развитию системы градорегулирования в муниципальном образовании | B64: 04 | C64: 12 | D64: 3140261080 | F64: =F65 -> 0.5 | G64: =G65 -> 0.5 | H64: =H65 -> 0.5
A65: Иные межбюджетные трансферты | B65: 04 | C65: 12 | D65: 3140261080 | E65: 540 | F65: ='Приложение 4'!G65 -> 0.5 | G65: ='Приложение 4'!H65 -> 0.5 | H65: ='Приложение 4'!I65 -> 0.5
A66: Жилищно-коммунальное хозяйство | B66: 05 | C66: 00 | F66: =F67+F75 -> 194.1 | G66: ='Приложение 4'!H66 -> 121.1 | H66: ='Приложение 4'!I66 -> 9.3
A67: Коммунальное хозяйство | B67: 05 | C67: 02 | F67: =F68 -> 170 | G67: =G68 -> 80.1 | H67: =H68 -> 9.3
A68: Муниципальная программа «Комплексное развитие жилищно-коммунальной инфраструктуры и повышение уровня благоустройства на территории муниципального образования Новоюласенский сельсовет» | B68: 05 | C68: 02 | D68: 3300000000 | F68: =F69 -> 170 | G68: =G69 -> 80.1 | H68: =H69+H75 -> 9.3
A69: Комплексы процессных мероприятий | B69: 05 | C69: 02 | D69: 3340000000 | F69: =F70 -> 170 | G69: =G70 -> 80.1 | H69: =H70 -> 9.1
A70: Комплексы процессных мероприятий «Мероприятия в сфере жилищно-коммунальной инфраструктуры и повышение уровня благоустройства на территории муниципального образования Новоюласенский сельсовет» | B70: 05 | C70: 02 | D70: 3340100000 | F70: =F73+F72 -> 170 | G70: =G73+G72 -> 80.1 | H70: =H73+H72 -> 9.1
A71: Капитальный ремонт и ремонт объектов коммунальной инфраструктуры | B71: 05 | C71: 02 | D71: 3340160150 | F71: =F72 -> 40 | G71: =G72 -> 27.6 | H71: =H72 -> 0
A72: Иные закупки товаров, работ и услуг для обеспечения государственных (муниципальных) нужд | B72: 05 | C72: 02 | D72: 3340160150 | E72: 240 | F72: ='Приложение 4'!G72 -> 40 | G72: ='Приложение 4'!H72 -> 27.6 | H72: ='Приложение 4'!I72 -> 0
A73: Содержание объектов коммунального хозяйства | B73: 05 | C73: 02 | D73: 3340160160 | F73: =F74 -> 130 | G73: =G74 -> 52.5 | H73: =H74 -> 9.1
A74: Иные закупки товаров, работ и услуг для обеспечения государственных (муниципальных) нужд | B74: 05 | C74: 02 | D74: 3340160160 | E74: 240 | F74: ='Приложение 4'!G74 -> 130 | G74: ='Приложение 4'!H74 -> 52.5 | H74: ='Приложение 4'!I74 -> 9.1
A75: Благоустройство | B75: 05 | C75: 03 | F75: =F76 -> 24.1 | G75: =G76 -> 41 | H75: =H76 -> 0.2
A76: Муниципальная программа «Комплексное развитие жилищно-коммунальной инфраструктуры и повышение уровня благоустройства на территории муниципального образования Новоюласенский сельсовет» | B76: 05 | C76: 03 | D76: 3300000000 | F76: =F77 -> 24.1 | G76: ='Приложение 4'!H76 -> 41 | H76: ='Приложение 4'!I76 -> 0.2
A77: Комплексы процессных мероприятий | B77: 05 | C77: 03 | D77: 3340000000 | F77: =F78 -> 24.1 | G77: ='Приложение 4'!H77 -> 41 | H77: ='Приложение 4'!I77 -> 0.2
A78: Комплексы процессных мероприятий «Мероприятия в сфере жилищно-коммунальной инфраструктуры и повышение уровня благоустройства на территории муниципального образования Новоюласенский сельсовет» | B78: 05 | C78: 03 | D78: 3340100000 | F78: =F80 -> 24.1 | G78: ='Приложение 4'!H78 -> 41 | H78: ='Приложение 4'!I78 -> 0.2
A79: Прочие мероприятия по благоустройству городских округов и поселений | B79: 05 | C79: 03 | D79: 3340160200 | F79: =F80 -> 24.1 | G79: =G80 -> 41 | H79: =H80 -> 0.2
A80: Иные закупки товаров, работ и услуг для обеспечения государственных (муниципальных) нужд | B80: 05 | C80: 03 | D80: 3340160200 | E80: 240 | F80: ='Приложение 4'!G80 -> 24.1 | G80: ='Приложение 4'!H80 -> 41 | H80: ='Приложение 4'!I80 -> 0.2
A81: Культура, кинематография | B81: 08 | C81: 00 | F81: =F82 -> 1025.1 | G81: =G82 -> 819.2 | H81: =H82 -> 737
A82: Культура | B82: 08 | C82: 01 | F82: =F83 -> 1025.1 | G82: =G83 -> 819.2 | H82: =H83 -> 737
A83: Муниципальная программа «Устойчивое развитие территории муниципального образования Новоюласенский сельсовет Красногвардейского района Оренбургской области» | B83: 08 | C83: 01 | D83: 3100000000 | F83: =F84 -> 1025.1 | G83: =G84 -> 819.2 | H83: =H84 -> 737
A84: Комплексы процессных мероприятий | B84: 08 | C84: 01 | D84: 3140000000 | F84: =F85 -> 1025.1 | G84: =G85 -> 819.2 | H84: =H85 -> 737
A85: Комплексы процессных мероприятий «Развитие культуры в муниципальном образовании Новоюласенский сельсовет Красногвардейского района Оренбургской области» | B85: 08 | C85: 01 | D85: 3140400000 | F85: =F87+F89+F91 -> 1025.1 | G85: =G89+G91+G87 -> 819.2 | H85: =H88+H90 -> 737
A86: Мероприятия в сфере культуры и кинематографии | B86: 08 | C86: 01 | D86: 3140460210 | F86: =F87 -> 4 | G86: =G87 -> 0 | H86: =H87 -> 0
A87: Иные закупки товаров, работ и услуг для обеспечения государственных (муниципальных) нужд | B87: 08 | C87: 01 | D87: 3140460210 | E87: 240 | F87: ='Приложение 4'!G87 -> 4 | G87: ='Приложение 4'!H87 -> 0 | H87: ='Приложение 4'!I87 -> 0
A88: Дома культуры и другие учреждения культуры (за исключением библиотек, музеев, театров, концертных и других организаций исполнительских искусств) | B88: 08 | C88: 01 | D88: 3140460220 | F88: =F89 -> 595.6 | G88: =G89 -> 393.7 | H88: =H89 -> 311.5
A89: Иные закупки товаров, работ и услуг для обеспечения государственных (муниципальных) нужд | B89: 08 | C89: 01 | D89: 3140460220 | E89: 240 | F89: ='Приложение 4'!G89 -> 595.6 | G89: ='Приложение 4'!H89 -> 393.7 | H89: ='Приложение 4'!I89 -> 311.5
A90: Межбюджетные трансферты бюджетам муниципальных районов из бюджетов поселений на осуществление части полномочий по решению вопросов местного значения, в соответствии с заключенными соглашениями (услуги организации культуры) | B90: 08 | C90: 01 | D90: 3140461020 | F90: =F91 -> 425.5 | G90: =G91 -> 425.5 | H90: =H91 -> 425.5
A91: Иные межбюджетные трансферты | B91: 08 | C91: 01 | D91: 3140461020 | E91: 540 | F91: ='Приложение 4'!G91 -> 425.5 | G91: ='Приложение 4'!H91 -> 425.5 | H91: ='Приложение 4'!I91 -> 425.5
A92: Межбюджетные трансферты общего характера бюджетам бюджетной системы Российской Федерации | B92: 14 | C92: 00 | F92: =F93 -> 555.5 | G92: =G93 -> 555.5 | H92: =H93 -> 555.5
A93: Прочие межбюджетные трансферты общего характера | B93: 14 | C93: 03 | F93: =F94 -> 555.5 | G93: =G94 -> 555.5 | H93: =H94 -> 555.5
A94: Муниципальная программа "Устойчивое развитие территории муниципального образования Новоюласенский сельсовет Красногвардейского района Оренбургской области" | B94: 14 | C94: 03 | D94: 3100000000 | F94: =F95 -> 555.5 | G94: =G95 -> 555.5 | H94: =H95 -> 555.5
A95: Комплексы процессных мероприятий | B95: 14 | C95: 03 | D95: 3140000000 | F95: =F96 -> 555.5 | G95: =G96 -> 555.5 | H95: =H96 -> 555.5
A96: Комплексы процессных мероприятий «Обеспечение реализации муниципальной программы «Устойчивое развитие территории муниципального образования Новоюласенский сельсовет Красногвардейского района Оренбургской области» | B96: 14 | C96: 03 | D96: 3140100000 | F96: =F97+F99+F101 -> 555.5 | G96: =G97+G99+G101 -> 555.5 | H96: =H97+H99+H101 -> 555.5
A97: Межбюджетные трансферты бюджетам муниципальных районов из бюджетов поселений на осуществление части полномочий по решению вопросов местного значения в соответствии с заключенными соглашениями (внешний муниципальный финансовый контроль) | B97: 14 | C97: 03 | D97: 3140161010 | F97: =F98 -> 15.3 | G97: =G98 -> 15.3 | H97: =H98 -> 15.3
A98: Иные межбюджетные трансферты | B98: 14 | C98: 03 | D98: 3140161010 | E98: 540 | F98: ='Приложение 4'!G98 -> 15.3 | G98: ='Приложение 4'!H98 -> 15.3 | H98: ='Приложение 4'!I98 -> 15.3
A99: Межбюджетные трансферты бюджетам муниципальных районов из бюджетов поселений на осуществление части полномочий по решению вопросов местного значения в соответствии с заключенными соглашениями (составление проекта бюджета поселения, исполнение бюджета поселения, осуществление контроля за его исполнением, составление отчета об исполнении бюджета поселения) | B99: 14 | C99: 03 | D99: 3140161040 | F99: =F100 -> 540 | G99: =G100 -> 540 | H99: =H100 -> 540
A100: Иные межбюджетные трансферты | B100: 14 | C100: 03 | D100: 3140161040 | E100: 540 | F100: ='Приложение 4'!G100 -> 540 | G100: ='Приложение 4'!H100 -> 540 | H100: ='Приложение 4'!I100 -> 540
A101: Межбюджетные трансферты бюджетам муниципальных районов из бюджетов поселений на осуществление части полномочий по решению вопросов местного значения в соответствии с заключенными соглашениями (по формированию и обеспечению деятельности комиссии по соблюдению требований к служебному поведению муниципальных служащих и урегулированию конфликта интересов) | B101: 14 | C101: 03 | D101: 3140161050 | F101: =F102 -> 0.2 | G101: =G102 -> 0.2 | H101: =H102 -> 0.2
A102: Иные межбюджетные трансферты | B102: 14 | C102: 03 | D102: 3110161050 | E102: 540 | F102: ='Приложение 4'!G102 -> 0.2 | G102: ='Приложение 4'!H102 -> 0.2 | H102: ='Приложение 4'!I102 -> 0.2
...

Sheet Приложение 6
A1: Приложение № 6
A2: к бюджету муниципального образования
A3: Новоюласенский сельсовет на 2026 год
A4: и плановый период 2027 и 2028 годов
A5: № от .12.2025 г
A6: Распределение бюджетных ассигнований бюджета поселения по целевым статьям(муниципальным программам и непрограммным направлениям деятельности), разделам, подразделам, группам и подгруппам видов расходов классификации расходов на 2026 год и на плановый период 2027 и 2028 годов
G9: (тысяч рублей)
A10: Наименование | B10: ЦСР | C10: РЗ | D10: ПР | E10: ВР | F10: 2026 | G10: 2027 | H10: 2028
A11: 1 | B11: 2 | C11: 3 | D11: 4 | E11: 5 | F11: 6 | G11: 7 | H11: 8
A12: Муниципальная программа "Устойчивое развитие территории муниципального образования Новоюласенский сельсовет Красногвардейского района Оренбургской области" | B12: 3100000000 | F12: =F13 -> 3831.7 | G12: =G13 -> 3645.4 | H12: =H13 -> 3740.4
A13: Комплексы процессных мероприятий | B13: 3140000000 | F13: =F14+F30+F37+F41 -> 3831.7 | G13: =G14+G30+G37+G41 -> 3645.4 | H13: =H14+H31+H33+H35+H41+H37 -> 3740.4
A14: Комплексы процессных мероприятий «Обеспечение реализации муниципальной программы «Устойчивое развитие территории муниципального образования Новоюласенский сельсовет Красногвардейского района Оренбургской области» | B14: 3140100000 | F14: =F16+F17+F21+F25+F27+F29 -> 2737.8 | G14: =G15+G17+G21+G26+G28+G25 -> 2767.5 | H14: =H15+H17+H21+H26+H28+H25 -> 2845.9
A15: Глава муниципального образования | B15: 3140110010 | F15: ='Приложение 4'!G18 -> 902.7 | G15: ='Приложение 4'!H18 -> 902.7 | H15: ='Приложение 4'!I18 -> 902.7
A16: Расходы на выплаты персоналу государственных (муниципальных) органов | B16: 3140110010 | C16: 01 | D16: 02 | E16: 120 | F16: ='Приложение 4'!G19 -> 902.7 | G16: ='Приложение 4'!H19 -> 902.7 | H16: ='Приложение 4'!I19 -> 902.7
A17: Центральный аппарат | B17: 3140110020 | F17: ='Приложение 4'!G24 -> 1026.4 | G17: ='Приложение 4'!H24 -> 1026.4 | H17: ='Приложение 4'!I24 -> 1026.4
A18: Расходы на выплаты персоналу государственных (муниципальных) органов | B18: 3140110020 | C18: 01 | D18: 04 | E18: 120 | F18: ='Приложение 4'!G25 -> 709.7 | G18: ='Приложение 4'!H25 -> 709.7 | H18: ='Приложение 4'!I25 -> 709.7
A19: Иные закупки товаров, работ и услуг для обеспечения государственных (муниципальных) нужд | B19: 3140110020 | C19: 01 | D19: 04 | E19: 240 | F19: ='Приложение 4'!G26 -> 312 | G19: ='Приложение 4'!H26 -> 312 | H19: ='Приложение 4'!I26 -> 312
A20: Уплата налогов, сборов и иных платежей | B20: 3140110020 | C20: 01 | D20: 04 | E20: 850 | F20: ='Приложение 4'!G27 -> 4.7 | G20: ='Приложение 4'!H27 -> 4.7 | H20: ='Приложение 4'!I27 -> 4.7
A21: Субвенции на осуществление первичного воинского учета органами местного самоуправления поселений, муниципальных и городских округов | B21: 3140151180 | F21: ='Приложение 4'!G33 -> 253.2 | G21: ='Приложение 4'!H33 -> 282.9 | H21: ='Приложение 4'!I33 -> 361.3
A22: Расходы на выплаты персоналу государственных (муниципальных) органов | B22: 3140151180 | C22: 02 | D22: 03 | E22: 120 | F22: ='Приложение 4'!G34 -> 219.6 | G22: ='Приложение 4'!H34 -> 249.3 | H22: ='Приложение 4'!I34 -> 327.7
A23: Иные закупки товаров, работ и услуг для обеспечения государственных (муниципальных) нужд | B23: 3140151180 | C23: 02 | D23: 03 | E23: 240 | F23: ='Приложение 4'!G35 -> 33.6 | G23: ='Приложение 4'!H35 -> 33.6 | H23: ='Приложение 4'!I35 -> 33.6
A24: Межбюджетные трансферты бюджетам муниципальных районов из бюджетов поселений на осуществление части полномочий по решению вопросов местного значения в соответствии с заключенными соглашениями (внешний муниципальный финансовый контроль) | B24: 3140161010 | F24: =F25 -> 15.3 | G24: =G25 -> 15.3 | H24: =H25 -> 15.3
A25: Иные межбюджетные трансферты | B25: 3140161010 | C25: 14 | D25: 03 | E25: 540 | F25: ='Приложение 4'!G98 -> 15.3 | G25: ='Приложение 4'!H98 -> 15.3 | H25: ='Приложение 4'!I98 -> 15.3
A26: Межбюджетные трансферты бюджетам муниципальных районов из бюджетов поселений на осуществление части полномочий по решению вопросов местного значения в соответствии с заключенными соглашениями (составление проекта бюджета поселения, исполнение бюджета поселения, осуществление контроля за его исполнением, составление отчета об исполнении бюджета поселения) | B26: 3140161040 | C26: 14 | D26: 03 | F26: ='Приложение 4'!G99 -> 540 | G26: ='Приложение 4'!H99 -> 540 | H26: ='Приложение 4'!I99 -> 540
A27: Иные межбюджетные трансферты | B27: 3140161040 | C27: 14 | D27: 03 | E27: 540 | F27: ='Приложение 4'!G99 -> 540 | G27: ='Приложение 4'!H99 -> 540 | H27: ='Приложение 4'!I99 -> 540
A28: Межбюджетные трансферты бюджетам муниципальных районов из бюджетов поселений на осуществление части полномочий по решению вопросов местного значения в соответствии с заключенными соглашениями (по формированию и обеспечению деятельности комиссии по соблюдению требований к служебному поведению муниципальных служащих и урегулированию конфликта интересов) | B28: 3140161050 | C28: 14 | D28: 03 | F28: ='Приложение 4'!G101 -> 0.2 | G28: ='Приложение 4'!H101 -> 0.2 | H28: ='Приложение 4'!I101 -> 0.2
A29: Иные межбюджетные трансферты | B29: 3140161050 | C29: 14 | D29: 03 | E29: 540 | F29: ='Приложение 4'!G102 -> 0.2 | G29: ='Приложение 4'!H102 -> 0.2 | H29: ='Приложение 4'!I102 -> 0.2
A30: Комплексы процессных мероприятий " Управление муниципальным имуществом, мероприятия по землеустройству и землепользованию в муниципальном образовании" | B30: 3140200000 | C30: 04 | D30: 12 | F30: =F31+F35+F33 -> 29.4 | G30: =G31+G33+G35 -> 29.4 | H30: =H31+H33+H35 -> 29.4
A31: Оценка земельных участков, комплекс кадастровых работ по подготовке документов для постановке на государственный кадастровый учет земельных участков, недвижимого имущества | B31: 3140260280 | F31: ='Приложение 4'!G60 -> 1 | G31: ='Приложение 4'!H60 -> 1 | H31: ='Приложение 4'!I60 -> 1
A32: Иные закупки товаров, работ и услуг для обеспечения государственных (муниципальных) нужд | B32: 3140260280 | C32: 04 | D32: 12 | E32: 240 | F32: ='Приложение 4'!G61 -> 1 | G32: ='Приложение 4'!H61 -> 1 | H32: ='Приложение 4'!I61 -> 1
A33: Межбюджетные трансферты бюджетам муниципальных районов из бюджетов поселений на осуществление части полномочий по решению вопросов местного значения в соответствии с заключенными соглашениями (осуществление муниципального земельного контроля) | B33: 3140261070 | F33: ='Приложение 4'!G62 -> 27.9 | G33: ='Приложение 4'!H62 -> 27.9 | H33: ='Приложение 4'!I62 -> 27.9
A34: Иные межбюджетные трансферты | B34: 3140261070 | C34: 04 | D34: 12 | E34: 540 | F34: ='Приложение 4'!G63 -> 27.9 | G34: ='Приложение 4'!H63 -> 27.9 | H34: ='Приложение 4'!I63 -> 27.9
A35: Межбюджетные трансферты бюджетам муниципальных районов на осуществление части полномочий администрации поселения по развитию системы градорегулирования в муниципальном образовании | B35: 3140261080 | F35: ='Приложение 4'!G64 -> 0.5 | G35: ='Приложение 4'!H64 -> 0.5 | H35: ='Приложение 4'!I64 -> 0.5
A36: Иные межбюджетные трансферты | B36: 3140261080 | C36: 04 | D36: 12 | E36: 540 | F36: ='Приложение 4'!G65 -> 0.5 | G36: ='Приложение 4'!H65 -> 0.5 | H36: ='Приложение 4'!I65 -> 0.5
A37: Комплексы процессных мероприятий «Обеспечение безопасности жизнедеятельности населения в муниципальном образовании Новоюласенский сельсовет Красногвардейского района Оренбургской области» | B37: 3140300000 | F37: =F38 -> 39.4 | G37: =G38+G40 -> 29.3 | H37: =H38+H40 -> 128.1
A38: Разработка и утверждение комплекса мер по обеспечению пожарной безопасности муниципальных учреждений и жилищного фонда | B38: 3140360080 | F38: =F39+F40 -> 39.4 | G38: ='Приложение 4'!H41 -> 27.3 | H38: ='Приложение 4'!I41 -> 126.1
A39: Иные закупки товаров, работ и услуг для обеспечения государственных (муниципальных) нужд | B39: 3140360080 | C39: 03 | D39: 10 | E39: 240 | F39: ='Приложение 4'!G42 -> 36.4 | G39: ='Приложение 4'!H42 -> 27.3 | H39: ='Приложение 4'!I42 -> 126.1
A40: Иные закупки товаров, работ и услуг для обеспечения государственных (муниципальных) нужд | B40: 3140360090 | C40: 03 | D40: 14 | E40: 240 | F40: ='Приложение 4'!G48 -> 3 | G40: ='Приложение 4'!H48 -> 2 | H40: ='Приложение 4'!I48 -> 2
A41: Комплексы процессных мероприятий «Развитие культуры в муниципальном образовании Новоюласенский сельсовет Красногвардейского района Оренбургской области» | B41: 3140400000 | F41: =F45+F43+F47 -> 1025.1 | G41: =G43+G45+G47 -> 819.2 | H41: =H43+H45+H47 -> 737
A42: Мероприятия в сфере культуры и кинематографии | B42: 3140460210 | F42: =F43 -> 4 | G42: =G43 -> 0 | H42: =H43 -> 0
A43: Иные закупки товаров, работ и услуг для обеспечения государственных (муниципальных) нужд | B43: 3140460210 | C43: 08 | D43: 01 | E43: 240 | F43: ='Приложение 4'!G87 -> 4 | G43: ='Приложение 4'!H87 -> 0 | H43: ='Приложение 4'!I87 -> 0
A44: Дома культуры и другие учреждения культуры (за исключением библиотек, музеев, театров, концертных и других организаций исполнительских искусств) | B44: 3140460220 | F44: =F45 -> 595.6 | G44: =G45 -> 393.7 | H44: =H45 -> 311.5
A45: Иные закупки товаров, работ и услуг для обеспечения государственных (муниципальных) нужд | B45: 3140460220 | C45: 08 | D45: 01 | E45: 240 | F45: ='Приложение 4'!G89 -> 595.6 | G45: ='Приложение 4'!H89 -> 393.7 | H45: ='Приложение 4'!I89 -> 311.5
A46: Межбюджетные трансферты бюджетам муниципальных районов из бюджетов поселений на осуществление части полномочий по решению вопросов местного значения, в соответствии с заключенными соглашениями (услуги организации культуры) | B46: 3140461020 | F46: =F47 -> 425.5 | G46: =G47 -> 425.5 | H46: =H47 -> 425.5
A47: Иные межбюджетные трансферты | B47: 3140461020 | C47: 08 | D47: 01 | E47: 540 | F47: ='Приложение 4'!G91 -> 425.5 | G47: ='Приложение 4'!H91 -> 425.5 | H47: ='Приложение 4'!I91 -> 425.5
A48: Муниципальная программа "Комплексное развитие транспортной инфраструктуры муниципального образования Новоюласенский сельсовет " | B48: 3200000000 | F48: =F49 -> 847.1 | G48: =G49 -> 1125.9 | H48: =H49 -> 1168.8
A49: Комплексы процессных мероприятий | B49: 3240000000 | F49: =F50 -> 847.1 | G49: =G50 -> 1125.9 | H49: =H50 -> 1168.8
A50: Комплексы процессных мероприятий «Содержание и ремонт автомобильных дорог общего пользования местного значения в муниципальном образовании Новоюласенский сельсовет Красногвардейского района Оренбургской области» | B50: 3240100000 | F50: ='Приложение 4'!G53 -> 847.1 | G50: ='Приложение 4'!H53 -> 1125.9 | H50: ='Приложение 4'!I53 -> 1168.8
A51: Содержание автомобильных дорог и инженерных сооружений на них в границах поселений | B51: 324019Д110 | F51: =F52 -> 847.1 | G51: =G52 -> 1125.9 | H51: =H52 -> 1168.8
A52: Иные закупки товаров, работ и услуг для обеспечения государственных (муниципальных) нужд | B52: 324019Д110 | C52: 04 | D52: 09 | E52: 240 | F52: ='Приложение 5'!F55 -> 847.1 | G52: ='Приложение 5'!G55 -> 1125.9 | H52: ='Приложение 5'!H55 -> 1168.8
A53: Муниципальная программа «Комплексное развитие жилищно-коммунальной инфраструктуры и повышение уровня благоустройства на территории муниципального образования Новоюласенский сельсовет Красногвардейского района Оренбургской области» | B53: 3300000000 | F53: ='Приложение 4'!G66 -> 194.1 | G53: =G54 -> 121.1 | H53: =H54 -> 9.3
A54: Комплексы процессных мероприятий | B54: 3340000000 | F54: =F55 -> 194.1 | G54: =G55 -> 121.1 | H54: =H55 -> 9.3
A55: Комплексы процессных мероприятий «Мероприятия в сфере жилищно-коммунальной инфраструктуры и повышение уровня благоустройства на территории муниципального образования Новоюласенский сельсовет» | B55: 3340100000 | F55: =F57+F59+F61 -> 194.1 | G55: ='Приложение 4'!H66 -> 121.1 | H55: ='Приложение 4'!I66 -> 9.3
A56: Капитальный ремонт и ремонт объектов коммунальной инфраструктуры | B56: 3340160150 | F56: =F57 -> 40 | G56: =G57 -> 27.6 | H56: =H57 -> 0
A57: Иные закупки товаров, работ и услуг для обеспечения государственных (муниципальных) нужд | B57: 3340160150 | C57: 05 | D57: 02 | E57: 240 | F57: ='Приложение 4'!G72 -> 40 | G57: ='Приложение 4'!H72 -> 27.6 | H57: ='Приложение 4'!I72 -> 0
A58: Содержание объектов коммунального хозяйства | B58: 3340160160 | F58: =F59 -> 130 | G58: =G59 -> 52.5 | H58: =H59 -> 9.1
A59: Иные закупки товаров, работ и услуг для обеспечения государственных (муниципальных) нужд | B59: 3340160160 | C59: 05 | D59: 02 | E59: 240 | F59: ='Приложение 4'!G74 -> 130 | G59: ='Приложение 4'!H74 -> 52.5 | H59: ='Приложение 4'!I74 -> 9.1
A60: Прочие мероприятия по благоустройству городских округов и поселений | B60: 3340160200 | F60: =F61 -> 24.1 | G60: =G61 -> 41 | H60: =H61 -> 0.2
A61: Иные закупки товаров, работ и услуг для обеспечения государственных (муниципальных) нужд | B61: 3340160200 | C61: 05 | D61: 03 | E61: 240 | F61: ='Приложение 4'!G80 -> 24.1 | G61: ='Приложение 4'!H80 -> 41 | H61: ='Приложение 4'!I80 -> 0.2
A62: Условно утвержденные расходы | F62: 0 | G62: ='Приложение 4'!H103 -> 118.2 | H62: ='Приложение 4'!I103 -> 239.9
A63: ИТОГО РАСХОДОВ | F63: =F12+F48+F53 -> 4872.9 | G63: =G12+G48+G53+G62 -> 5010.6 | H63: =H12+H48+H53+H62 -> 5158.4

Sheet Приложение 7
A1: Приложение № 7 к бюджету муниципального образования Новоюласенский сельсовет на 2026 год и плановый период 2027 и 2028 годов № от .12.2025 г
A2: Межбюджетные трансферты, передаваемые в районный бюджет из бюджета поселения на осуществление части полномочий по решению вопросов местного значения в соответствии с заключенными соглашениями на 2026 год и плановый период 2027 и 2028 годов
A5: № п/п | B5: Наименование межбюджетного трансферта | C5: 2026 | D5: 2027 | E5: 2028
A6: 1 | B6: 2 | C6: 3 | D6: 4 | E6: 5
A7: 1. | B7: Межбюджетные трансферты бюджетам муниципальных районов из бюджетов поселений на осуществление части полномочий по решению вопросов местного значения в соответствии с заключенными соглашениями (внешний муниципальный финансовый контроль) | C7: ='Приложение 4'!G98 -> 15.3 | D7: ='Приложение 4'!H98 -> 15.3 | E7: ='Приложение 4'!I98 -> 15.3
A8: 2. | B8: Межбюджетные трансферты бюджетам муниципальных районов из бюджетов поселений на осуществление части полномочий по решению вопросов местного значения в соответствии с заключенными соглашениями (составление и рассмотрение проектов бюджета поселения, утверждение и исполнение бюджета поселения, осуществление контроля за его исполнением, составление и утверждение отчета об исполнении бюджета поселения) | C8: ='Приложение 4'!G100 -> 540 | D8: ='Приложение 4'!H100 -> 540 | E8: ='Приложение 4'!I100 -> 540
A9: 3. | B9: Межбюджетные трансферты бюджетам муниципальных районов из бюджетов поселений на осуществление части полномочий по решению вопросов местного значения, в соответствии с заключенными соглашениями (услуги организации культуры) | C9: ='Приложение 4'!G91 -> 425.5 | D9: ='Приложение 4'!H91 -> 425.5 | E9: ='Приложение 4'!I91 -> 425.5
A10: 4. | B10: Межбюджетные трансферты бюджетам муниципальных районов из бюджетов поселений на осуществление части полномочий по решению вопросов местного значения в соответствии с заключенными соглашениями (по формированию и обеспечению деятельности комиссии по соблюдению требований к служебному поведению муниципальных служащих и урегулированию конфликта интересов) | C10: ='Приложение 4'!G102 -> 0.2 | D10: ='Приложение 4'!H102 -> 0.2 | E10: ='Приложение 4'!I102 -> 0.2
A11: 5. | B11: Межбюджетные трансферты бюджетам муниципальных районов из бюджетов поселений на осуществление части полномочий по решению вопросов местного значения в соответствии с заключенными соглашениями (осуществление муниципального земельного контроля) | C11: ='Приложение 4'!G63 -> 27.9 | D11: ='Приложение 4'!H63 -> 27.9 | E11: ='Приложение 4'!I63 -> 27.9
A12: 6. | B12: Межбюджетные трансферты бюджетам муниципальных районов на осуществление части полномочий администрации поселения по развитию системы градорегулирования в муниципальном образовании | C12: ='Приложение 4'!G64 -> 0.5 | D12: ='Приложение 4'!H64 -> 0.5 | E12: ='Приложение 4'!I64 -> 0.5
B13: ИТОГО: | C13: =SUM(C7:C12) -> 1009.4 | D13: =D7+D8+D9+D10+D11+D12 -> 1009.4 | E13: =E7+E8+E9+E10+E11+E12 -> 1009.4

Sheet Приложение 9
A1: Приложение № 9
A2: к бюджету муниципального образования
A3: Новоюласенский сельсовет на 2026 год
A4: и плановый период 2027 и 2028 годов
E5: № от .12.2025
A6: Программа
A7: муниципальных внутренних заимствований
A8: на 2026 год и плановый период 2027 и 2028 годов
A10: Наименование | B10: 2026 год | C10: Предельный срок погашения долговых обязательств | D10: 2027 год | E10: Предельный срок погашения долговых обязательств 2027 года | F10: 2028 год | G10: Предельный срок погашения долговых обязательств
C11: 2026года | G11: 2028 года
A12: 1 | B12: 2 | C12: 3 | D12: 4 | E12: 5 | F12: 6 | G12: 7
A13: Муниципальные ценные бумаги | B13: 0 | D13: 0 | F13: 0
A14: 1. Размещение муниципальных ценных бумаг | B14: 0 | D14: 0 | F14: 0
A15: 2. Погашение муниципальных ценных бумаг | B15: 0 | D15: 0 | F15: 0
A16: Кредиты от кредитных организаций | B16: 0 | D16: 0 | F16: 0
A17: 1. Привлечение кредитов от кредитных организаций | B17: 0 | D17: 0 | F17: 0
A18: 2. Погашение кредитов, привлеченных от кредитных организаций | B18: 0 | D18: 0 | F18: 0
A19: Бюджетные кредиты из других бюджетов бюджетной системы Российской Федерации | B19: 0 | D19: 0 | F19: 0
A20: 1. Привлечение бюджетных кредитов из других бюджетов бюджетной системы Российской Федерации | B20: 0 | D20: 0 | F20: 0
A21: 1.1. Бюджетные кредиты, предоставленные для частичного покрытия дефицита муниципального образования Новоюласенский сельсовет, возврат которых осуществляется муниципальным образованием Новоюласенский сельсовет | B21: 0 | D21: 0 | F21: 0
A22: 1.2. Бюджетные кредиты, предоставленные для частичного покрытия временных кассовых разрывов, возникающих при исполнении бюджета муниципального образования Новоюласенский сельсовет | B22: 0 | D22: 0 | F22: 0
A23: 2. Погашение бюджетных кредитов, привлеченных из других бюджетов бюджетной системы Российской Федерации | B23: 0 | D23: 0 | F23: 0
A24: 2.1. Бюджетные кредиты, предоставленные для частичного покрытия дефицита муниципального образования Новоюласенский сельсовет, возврат которых осуществляется муниципальным образованием Новоюласенский сельсовет | B24: 0 | D24: 0 | F24: 0
A25: 2.2 Бюджетные кредиты, предоставленные для частичного покрытия временных кассовых разрывов, возникающих при исполнении бюджета муниципального образования Новоюласенский сельсовет | B25: 0 | D25: 0 | F25: 0

Sheet Лист1
